 Dungeon Crawl Stone Soup version 0.30-a0-219-gf2db51d15e (webtiles) character file.

Game seed: 319599179781919588

2513688 sleeves the Lord of Darkness (level 27, 245/245 HPs)
             Began as a Demonspawn Fighter on Oct 7, 2022.
             Was the Champion of Kikubaaqudgha.
             Escaped with the Orb
             ... and 5 runes on Oct 8, 2022!
             The game lasted 03:06:39 (103147 turns).

sleeves the Lord of Darkness (Demonspawn Fighter) Turns: 103147, Time: 03:06:39

Health: 245/245    AC: 41    Str: 22    XL:     27
Magic:  56/56      EV: 17    Int: 29    God:    Kikubaaqudgha [******]
Gold:   8146       SH: 20    Dex: 16    Spells: 10/66 levels left

rFire   + + .      SeeInvis +    a - +9 eveningstar (flame)
rCold   + + .      Faith    .    u - +0 kite shield {rC+}
rNeg    + + +      Spirit   .    O - +9 ice dragon scales "Piahoa" {rElec rF- rC++ MP+9 Str-5}
rPois   +          Reflect  .    X - +1 helmet {SInv}
rElec   +          Harm     .    (cloak unavailable)
rCorr   +          Rampage  .    K - +0 pair of gloves {Dex+3}
Will    ++...                    N - +2 pair of boots of Impressiveness {Int+2}
Stlth   ..........               Q - macabre finger necklace {rN+}
HPRegen 0.60/turn                e - ring of Grace {rF+ rN+ Str+2 Int+4}
MPRegen 0.35/turn                S - ring "Qagirix" {Wiz rF+ rC- rCorr Int+4}
                                 f - ring "Wuos" {rF+ rN+ Str+4}

@: studying 2 skills
A: demonic guardian 3, icemail 2, augmentation 3, sanguine armour 3,
condensation shield, weakness stinger 3, poison resistance, robust 1
0: Orb of Zot
}: 5/15 runes: serpentine, barnacled, slimy, silver, abyssal
a: Renounce Religion, Unearth Wretches, Torment


You escaped.
You worshipped Kikubaaqudgha.
Kikubaaqudgha was exalted by your worship.
You visited 11 branches of the dungeon, and saw 55 of its levels.
You visited the Abyss 3 times.
You also visited: Ossuary, Bailey, Ice Cave and Volcano.

You collected 11126 gold pieces.
You spent 2980 gold pieces at shops.

Inventory:

Hand Weapons
 a - a +9 eveningstar of flaming (weapon)
   (You found it in a volcano)
 b - a +9 demon whip of pain
   (You found it on level 3 of the Snake Pit)
Armour
 m - a +2 helmet of intelligence
   (You found it on level 5 of the Pits of Slime)
 t - +1 fire dragon scales
   (You found it on level 2 of the Depths)
 u - a +0 kite shield of cold resistance (worn)
   (You took it off a naga warrior on level 3 of the Snake Pit)
 K - a +0 pair of gloves of dexterity (worn)
   (You found it on level 4 of the Shoals)
 N - the +2 pair of boots of Impressiveness (worn) {Int+2}
   (You bought it in a shop on level 4 of the Vaults)

   Int:       It affects your intelligence (+2).
 O - the +9 ice dragon scales "Piahoa" (worn) {rElec rF- rC++ MP+9 Str-5}
   (You found it in an ice cave)

   Str:       It affects your strength (-5).
   rF:        It makes you vulnerable to fire.
   rC:        It greatly protects you from cold.
   rElec:     It insulates you from electricity.
   MP:        It affects your magic capacity (+9).
 V - a +1 pair of boots of flying
   (You acquired it on level 5 of the Vaults)
 X - a +1 helmet of see invisible (worn)
   (You found it in a bailey)
Jewellery
 c - a ring of willpower
   (You found it on level 5 of the Lair of Beasts)
 e - the ring of Grace (left hand) {rF+ rN+ Str+2 Int+4}
   (You found it on level 3 of the Crypt)

   [ring of protection from fire]

   Str:       It affects your strength (+2).
   Int:       It affects your intelligence (+4).
   rF:        It protects you from fire.
   rN:        It protects you from negative energy.
 f - the ring "Wuos" (on amulet) {rF+ rN+ Str+4}
   (You found it on level 3 of the Crypt)

   [ring of positive energy]

   Str:       It affects your strength (+4).
   rF:        It protects you from fire.
   rN:        It protects you from negative energy.
 o - the ring "Qioll" {rPois Int+4}
   (You found it on level 1 of the Vaults)

   [ring of poison resistance]

   Int:       It affects your intelligence (+4).
   rPois:     It protects you from poison.
 p - the amulet "Bojogy Okhli" {Spirit rF+}
   (You found it on level 2 of the Dungeon)

   [amulet of guardian spirit]

   It causes incoming damage to be divided between your reserves of health and
   magic.
   rF:        It protects you from fire.
 q - the ring "Epog" {rC- rN+ rCorr Str+2}
   (You found it on level 3 of the Crypt)

   [ring of positive energy]

   Str:       It affects your strength (+2).
   rC:        It makes you vulnerable to cold.
   rN:        It protects you from negative energy.
   rCorr:     It protects you from acid and corrosion.
 B - a ring of flight
   (You found it on level 5 of the Lair of Beasts)
 M - a ring of protection from fire
   (You found it on level 5 of the Vaults)
 Q - the macabre finger necklace (around neck) {rN+}
   (You found it on level 3 of the Shoals)

   [amulet of nothing]

   It enables you to equip an extra ring.
   rN:        It protects you from negative energy.
 S - the ring "Qagirix" (right hand) {Wiz rF+ rC- rCorr Int+4}
   (You took it off a tengu warrior on level 1 of the Depths)

   [ring of wizardry]

   It improves your spell success rate.
   Int:       It affects your intelligence (+4).
   rF:        It protects you from fire.
   rC:        It makes you vulnerable to cold.
   rCorr:     It protects you from acid and corrosion.
 Z - the ring "Coerchoc" {Ice rPois rN+ Int+2}
   (You found it in an ice cave)

   [ring of ice]

   It enhances your ice magic.
   Int:       It affects your intelligence (+2).
   rF:        It makes you vulnerable to fire.
   rC:        It protects you from cold.
   rPois:     It protects you from poison.
   rN:        It protects you from negative energy.
Wands
 z - a wand of digging (8)
   (You found it on level 4 of the Dungeon)
 J - a wand of light (38)
   (You took it off Pikel on level 5 of the Dungeon)
 P - a wand of iceblast (39)
   (You found it on level 8 of the Dungeon)
Scrolls
 i - a scroll of torment
 k - 15 scrolls of amnesia
 l - 10 scrolls of teleportation
 n - 13 scrolls of magic mapping
 r - 6 scrolls of fear
 v - 6 scrolls of fog
 x - 4 scrolls of enchant weapon
 y - 6 scrolls of immolation
 E - 8 scrolls of vulnerability
 G - 2 scrolls of brand weapon
 H - 4 scrolls of blinking
 L - 11 scrolls of enchant armour
 Y - 6 scrolls of silence
Potions
 d - 7 potions of might
 h - 7 potions of heal wounds
 j - 17 potions of curing
 w - 4 potions of invisibility
 A - 7 potions of magic
 C - 7 potions of flight
 D - a potion of berserk rage
 F - 8 potions of cancellation
 I - 7 potions of brilliance
 R - 6 potions of mutation
 T - 5 potions of resistance
 U - 3 potions of haste
 W - 5 potions of ambrosia
Miscellaneous
 g - a phantom mirror
   (You found it in an ice cave)
 s - a phial of floods
   (You found it in a bailey)


   Skills:
 + Level 19.7 Fighting
 - Level 16.0 Maces & Flails
 + Level 18.2 Armour
 - Level 15.0 Dodging
 - Level 20.0 Shields
 - Level 20.0 Spellcasting
 O Level 27 Necromancy
 - Level 12.0 Translocations
 - Level 12.0 Transmutations


You had 10 spell levels left.
You knew the following spells:

 Your Spells              Type           Power      Damage    Failure   Level
a - Death Channel         Necr           79%        N/A       0%          6
b - Death's Door          Necr           79%        N/A       2%          9
c - Necromutation         Tmut/Necr      71%        N/A       3%          8
d - Dispel Undead         Necr           100%       3d31      0%          4
e - Infestation           Necr           79%        N/A       1%          8
f - Dispersal             Tloc           60%        N/A       1%          6
g - Haunt                 Necr/Summ      62%        N/A       5%          7
h - Borgnjor's Revivific  Necr           79%        N/A       1%          8

Your spell library contained the following spells:

 Spells                   Type           Power      Damage    Failure   Level
 Kiss of Death            Conj/Necr      100%       2d13      0%          1
 Necrotise                Necr           100%       1d9       0%          1
 Sublimation of Blood     Necr           100%       N/A       0%          2
 Vampiric Draining        Necr           100%       2d13      0%          3
 Animate Dead             Necr           100%       N/A       0%          4
 Agony                    Necr           100%       N/A       0%          5
 Beastly Appendage        Tmut           100%       N/A       1%          1
 Foxfire                  Conj/Fire      100%       2x1d9     1%          1
 Freeze                   Ice            100%       1d11      1%          1
 Magic Dart               Conj           100%       1d8       1%          1
 Shock                    Conj/Air       100%       1d9       1%          1
 Slow                     Hex            100%       N/A       1%          1
 Sting                    Tmut/Pois      100%       1d8       1%          1
 Summon Small Mammal      Summ           100%       N/A       1%          1
 Passwall                 Tmut/Erth      80%        N/A       1%          2
 Wereblood                Tmut           100%       N/A       1%          2
 Gell's Gravitas          Tloc           100%       N/A       1%          3
 Ignite Poison            Fire/Tmut/Pois 86%        N/A       1%          3
 Kindle Blastsparks       Fire/Tloc/Air  100%       2d18      1%          3
 Lesser Beckoning         Tloc           100%       N/A       1%          3
 Portal Projectile        Hex/Tloc       100%       N/A       1%          3
 Spider Form              Tmut/Pois      96%        N/A       1%          3
 Teleport Other           Tloc           100%       N/A       1%          3
 Anguish                  Hex/Necr       62%        N/A       1%          4
 Ice Form                 Ice/Tmut       96%        N/A       1%          4
 Iskenderun's Mystic Bla  Conj/Tloc      96%        2d19      1%          4
 Petrify                  Tmut/Erth      96%        N/A       1%          4
 Blade Hands              Tmut           60%        N/A       1%          5
 Borgnjor's Vile Clutch   Necr/Erth      62%        N/A       1%          5
 Simulacrum               Ice/Necr       62%        N/A       1%          6
 Ensorcelled Hibernation  Hex/Ice        100%       N/A       2%          2
 Poisonous Vapours        Pois/Air       100%       N/A       2%          2
 Irradiate                Conj/Tmut      48%        3d27      3%          5
 Summon Forest            Summ/Tloc      48%        N/A       3%          5
 Call Canine Familiar     Summ           59%        N/A       4%          3
 Confusing Touch          Hex            59%        N/A       4%          3
 Dazzling Flash           Conj/Hex       100%       N/A       4%          3
 Frozen Ramparts          Ice            100%       1d16      4%          3
 Hailstorm                Conj/Ice       59%        3d13      4%          3
 Inner Flame              Hex/Fire       59%        N/A       4%          3
 Ozocubu's Armour         Ice            59%        N/A       4%          3
 Stone Arrow              Conj/Erth      100%       3d13      4%          3
 Summon Guardian Golem    Hex/Summ       59%        N/A       4%          3
 Swiftness                Air            59%        N/A       4%          3
 Tukima's Dance           Hex            59%        N/A       4%          3
 Dragon Form              Tmut           60%        N/A       10%         7
 Airstrike                Air            29%        2d(5-21)  16%         4
 Animate Armour           Summ/Erth      100%       N/A       16%         4
 Cause Fear               Hex            29%        N/A       16%         4
 Flame Wave               Conj/Fire      59%        2d14      16%         4
 Fulminant Prism          Conj/Hex       29%        3d14      16%         4
 Olgreb's Toxic Radiance  Pois           59%        N/A       16%         4
 Sticky Flame             Conj/Fire      59%        2d7       16%         4
 Summon Ice Beast         Ice/Summ       59%        N/A       16%         4
 Eringya's Noxious Bog    Tmut/Pois      48%        N/A       21%         6
 Statue Form              Tmut/Erth      64%        N/A       21%         6
 Fireball                 Conj/Fire      29%        3d13      38%         5
 Freezing Cloud           Conj/Ice/Air   29%        6-21      38%         5
 Iskenderun's Battlesphe  Conj           59%        2d11      38%         5
 Lee's Rapid Deconstruct  Erth           29%        3d16*     38%         5
 Metabolic Englaciation   Hex/Ice        29%        N/A       38%         5
 Silence                  Hex/Air        29%        N/A       38%         5
 Summon Mana Viper        Hex/Summ       59%        N/A       38%         5
 Conjure Ball Lightning   Conj/Air       29%        3x3d8     90%         6
 Iron Shot                Conj/Erth      29%        9d6       90%         6
 Starburst                Conj/Fire      29%        6d9       90%         6
 Monstrous Menagerie      Summ           29%        N/A       100%        7
 Orb of Destruction       Conj           29%        9d9       100%        7
 Ozocubu's Refrigeration  Ice            29%        4d14      100%        7
 Spellforged Servitor     Conj/Summ      29%        N/A       100%        7
 Summon Hydra             Summ           29%        N/A       100%        7
 Lehudib's Crystal Spear  Conj/Erth      29%        10d8      100%        8
 Dragon's Call            Summ           29%        N/A       100%        9


Dungeon Overview and Level Annotations

Branches:
Dungeon (15/15)            Temple (0/1) D:6            Lair (5/5) D:11
 Shoals (4/4) Lair:3        Snake (4/4) Lair:3        Slime (5/5) Lair:4
    Orc (2/2) D:11            Elf (3/3) Orc:2        Vaults (5/5) D:14
  Crypt (3/3) Vaults:2       Tomb (0/3) Crypt:3      Depths (4/4) D:15
    Zot (5/5) Depths:4    Ossuary (visited)          Bailey (visited)
  IceCv (visited)         Volcano (visited)

Altars:
Ashenzari
Dithmenos
Fedhas
Gozag
Hepliaklqana
Kikubaaqudgha
Nemelex Xobeh
Okawaru
Ru
Sif Muna
Trog
Uskayaw
Vehumet
Wu Jian
Yredelemnul
Jiyva

Shops:
D:2 (   D:12 (   Orc:2 *:!([!:(   Elf:3 ?   Shoals:2 [   Snake:2 ==*:
Snake:3 *   Vaults:1 *   Vaults:2 (((   Vaults:3 [   Vaults:4 (*[*:
Depths:2 =

Portals:
Hell: Depths:1 Depths:2 Depths:3 Depths:4
Abyss: D:5 Depths:3 Depths:4
Pandemonium: Depths:2
Ziggurat: Depths:4

Annotations:
D:3 1 runed translucent door, Crazy Yiuf
D:5 2 transporters, Bediveer's ghost, weakling OgWr
D:13 2 transporters, LnG's ghost, journeyman KoSu
Crypt:1 2 transporters, Hyrrirob's ghost, veteran GrEE; Jinnen's ghost, veteran MiGl; Sobieck's ghost, veteran KoGl
Zot:2 3 exclusions
Zot:5 1 runed translucent door, Vyqe's ghost, master MfIE


Innate Abilities, Weirdness & Mutations

A powerful demonic guardian rushes to your aid.
A meltable icy envelope protects you from harm. (AC +8)
Your magical and physical power is greatly enhanced at high health.
When seriously injured, your blood forms very thick armour. (AC +0)
A meltable shield of frost defends you. (SH +4)
You have a sharp stinger which inflicts weakening toxins.
Your system is resistant to poisons. (rPois)
You are robust. (+10% HP)


Message History

The ball lightning completely resists.
The blast of lightning engulfs your wraith!!!
Your wraith is destroyed!
Your wraith disappears in a puff of smoke!
The blast of lightning engulfs you! You resist.
The blast of lightning engulfs your freezing wraith!!!
The blast of lightning engulfs the lich!!
The blast of lightning engulfs Ovisas!
Ovisas resists.
The blast of lightning engulfs the ball lightning.
The ball lightning completely resists.
The blast of lightning engulfs your wraith!
The blast of lightning engulfs your wraith!!!
Your wraith is destroyed!
Your wraith disappears in a puff of smoke!
The ball lightning explodes!
The blast of lightning engulfs Ovisas!
Ovisas resists.
The blast of lightning engulfs your wraith!!!
Your wraith is destroyed!
Your wraith disappears in a puff of smoke!
The blast of lightning engulfs you!! You resist.
A demonic guardian appears!
The blast of lightning engulfs the lich!!!
The lich is destroyed!
The blast of lightning engulfs your Executioner!
Your Executioner resists.
The blast of lightning engulfs the ball lightning.
The ball lightning completely resists.
The blast of lightning engulfs your freezing wraith!!!!
Your freezing wraith is destroyed!
Your freezing wraith disappears in a puff of smoke!
The ball lightning explodes!
The blast of lightning engulfs you. You resist.
The blast of lightning engulfs your Executioner!!
Your Executioner resists.
The blast of lightning engulfs Ovisas!
Ovisas resists.
You block Ovisas's attack.
You puncture Ovisas! You burn Ovisas. You tail-slap Ovisas.
Ovisas is heavily wounded.
Ovisas tail-slaps you but does no damage.
Your Executioner gestures.
Your Executioner seems to speed up.
The forest fire spreads!
You impale Ovisas!! You burn Ovisas!
Ovisas is severely wounded.
Ovisas tail-slaps you!
You feel your power leaking away. Ovisas gestures at you.
The bolt of lightning misses you.
The tree burns like a torch!
Your Executioner hits Ovisas! Your Executioner hits Ovisas.
Your Executioner hits Ovisas but does no damage.
The forest fire spreads!
You puncture Ovisas! You burn Ovisas!
Ovisas is almost dead.
Your Executioner hits Ovisas!
Your Executioner hits Ovisas but does no damage.
Your Executioner closely misses Ovisas.
Ovisas tail-slaps your Executioner!
Your Executioner's magic leaks into the air.
Your Executioner hits Ovisas.
Your Executioner hits Ovisas but does no damage. x2
The forest fire spreads!
You impale Ovisas!! You burn Ovisas.
You kill Ovisas!
Kikubaaqudgha accepts your kill.
The forest fire spreads!
Training target 20.0 for Spellcasting reached!
Your Spellcasting skill increases to level 20!
(D) Dungeon (T) Temple (L) Lair (A) Shoals (P) Snake Pit (M) Slime Pits (O) Orcish Mines (E) Elven Halls (V) Vaults (C) Crypt (W) Tomb (U) Depths (H) Hell (Z) Zot
Where to? (Enter - Zot:4 @ (x,y), ? - help)
Your Executioner's magic is no longer disrupted.
The forest fire spreads!
The forest fire spreads!
The forest fire spreads! x2
There is an open door here.
Your Executioner disappears in a puff of smoke!
There is an open door here.
A balrug and 3 sun demons come into view.
The sun demon shouts!
There is a stone staircase leading up here.
The sun demon hits you but does no damage.
You climb upwards.
There is a stone staircase leading down here.
You hit the sun demon but do no damage. The sun demon closely misses you.
You closely miss the sun demon. You tail-slap the sun demon!
The sun demon looks weaker.
The sun demon is lightly wounded.
You block the sun demon's attack.
You impale the sun demon!!
The sun demon is heavily wounded.
The sun demon barely misses you.
You thump the sun demon!
The sun demon is almost dead.
The sun demon hits you but does no damage.
You bludgeon the sun demon!!
You kill the sun demon!
Kikubaaqudgha accepts your kill.
(D) Dungeon (T) Temple (L) Lair (A) Shoals (P) Snake Pit (M) Slime Pits (O) Orcish Mines (E) Elven Halls (V) Vaults (C) Crypt (W) Tomb (U) Depths (H) Hell (Z) Zot
Where to? (Enter - Zot:3, ? - help)
There is a stone staircase leading up here.
You climb upwards.
Level annotation: 3 exclusions Magic restored.
There is a stone staircase leading down here.
There is a huge open gate here.
There is a huge open gate here.
There is an escape hatch in the ceiling here.
A mysterious force pulls you upwards. The hatch slams shut behind you.
A great orb of eyes comes into view.
You can't go up here!
You bludgeon the great orb of eyes!! You burn the great orb of eyes!
The great orb of eyes is heavily wounded.
You impale the great orb of eyes!! You burn the great orb of eyes.
You kill the great orb of eyes!
Kikubaaqudgha accepts your kill.
No target in view!
(D) Dungeon (T) Temple (L) Lair (A) Shoals (P) Snake Pit (M) Slime Pits (O) Orcish Mines (E) Elven Halls (V) Vaults (C) Crypt (W) Tomb (U) Depths (H) Hell (Z) Zot
Where to? (Enter - Zot:1 @ (x,y), ? - help)
You see here a +0 mace.
There is a gate leading back out of this place, spattered with blood here.
Things that are here:
a +0 cloak; a +0 short sword You go up through the gate.
Welcome back to the Depths!
There is a gate to the Realm of Zot here.
(D) Dungeon (T) Temple (L) Lair (A) Shoals (P) Snake Pit (M) Slime Pits (O) Orcish Mines (E) Elven Halls (V) Vaults (C) Crypt (W) Tomb (U) Depths (H) Hell (Z) Zot
Where to? (Enter - Depths:4, ? - help)
There is an open gate here.
You see here a +0 war axe.
HP restored.
An Ice Fiend comes into view.
The Ice Fiend roars!
Casting: Haunt (mildly dangerous; 5% risk of failure)
Confirm with . or Enter, or press ? or * to list all spells.
Your body is suffused with negative energy!
You block the Ice Fiend's attack. x2
You bludgeon the Ice Fiend!! You burn the Ice Fiend!
The Ice Fiend is moderately wounded.
You impale the Ice Fiend!! You burn the Ice Fiend. You tail-slap the Ice Fiend.
The Ice Fiend looks weaker.
The Ice Fiend is severely wounded.
The Ice Fiend misses you. You block the Ice Fiend's attack.
You bludgeon the Ice Fiend!! You burn the Ice Fiend!
You kill the Ice Fiend!
Kikubaaqudgha accepts your kill.
No target in view!
(D) Dungeon (T) Temple (L) Lair (A) Shoals (P) Snake Pit (M) Slime Pits (O) Orcish Mines (E) Elven Halls (V) Vaults (C) Crypt (W) Tomb (U) Depths (H) Hell (Z) Zot
Where to? (Enter - Depths:3, ? - help)
There is a stone staircase leading up here.
You climb upwards.
There is a stone staircase leading down here.
(D) Dungeon (T) Temple (L) Lair (A) Shoals (P) Snake Pit (M) Slime Pits (O) Orcish Mines (E) Elven Halls (V) Vaults (C) Crypt (W) Tomb (U) Depths (H) Hell (Z) Zot
Where to? (Enter - Depths:3, ? - help) Magic restored.
There is a stone staircase leading up here.
You climb upwards.
There is a stone staircase leading down here.
(D) Dungeon (T) Temple (L) Lair (A) Shoals (P) Snake Pit (M) Slime Pits (O) Orcish Mines (E) Elven Halls (V) Vaults (C) Crypt (W) Tomb (U) Depths (H) Hell (Z) Zot
Where to? (Enter - Depths:2, ? - help)
A soul eater comes into view.
You can't go up here!
You hit the soul eater. You burn the soul eater.
The soul eater is lightly wounded.
You puncture the soul eater! You burn the soul eater!
Your tail-slap misses the soul eater.
The soul eater is heavily wounded.
The soul eater hits you.
You stick the soul eater like a pincushion!!!
You burn the soul eater.
You kill the soul eater!
Kikubaaqudgha accepts your kill.
No target in view!
You see here a +0 troll leather armour.
A Hell Sentinel comes into view.
There is a stone staircase leading up, spattered with blood here.
You climb upwards.
There is a stone staircase leading down, spattered with blood here.
There is an open door here.
An Executioner comes into view.
You can't go up here!
A hellwing comes into view.
The hellwing gives a chilling moan.
The Executioner gestures.
The Executioner seems to speed up.
A large abomination comes into view.
The Executioner misses you. You block the Executioner's attack.
The Executioner closely misses you. The Executioner completely misses you.
You block the Executioner's attack. x3
The Executioner hits you but does no damage. x2
You hit the Executioner. You burn the Executioner.
Your tail-slap misses the Executioner.
The Executioner is lightly wounded.
You block the Executioner's attack. The Executioner misses you.
You block the Executioner's attack. The Executioner misses you.
You block the Executioner's attack.
The Executioner hits you but does no damage.
The large abomination closely misses you.
You thump the Executioner! You burn the Executioner.
You tail-slap the Executioner!
The Executioner looks weaker.
The Executioner is heavily wounded.
You block the Executioner's attack.
The Executioner hits you but does no damage. x2
The Executioner misses you. x2; The Executioner completely misses you.
You hit the Executioner but do no damage.
The Executioner is heavily wounded.
You block the Executioner's attack. x2; The Executioner completely misses you.
You block the Executioner's attack.
The Executioner hits you but does no damage. x2
The large abomination hits you but does no damage.
The hellwing swoops through the air toward you!
The hellwing closely misses you. x2
You puncture the Executioner! You burn the Executioner.
The Executioner is severely wounded.
You block the Executioner's attack. The Executioner barely misses you.
The Executioner hits you.
The Executioner hits you but does no damage. x2
The Executioner barely misses you.
You block the large abomination's attack.
You hammer the Executioner like a gong!!!
You burn the Executioner.
You kill the Executioner!
Kikubaaqudgha accepts your kill. You block the hellwing's attack.
The hellwing closely misses you.
You barely miss the hellwing.
You block the large abomination's attack.
You block the hellwing's attack.
The hellwing hits you but does no damage.
You skewer the hellwing like a kebab!!! You burn the hellwing!
You kill the hellwing!
Kikubaaqudgha accepts your kill.
You block the large abomination's attack.
You spit the large abomination like a pig!!!
You burn the large abomination!
The large abomination is almost destroyed.
You barely miss the large abomination. You tail-slap the large abomination.
You destroy the large abomination!
Kikubaaqudgha accepts your kill.
No target in view!
No target in view!
(D) Dungeon (T) Temple (L) Lair (A) Shoals (P) Snake Pit (M) Slime Pits (O) Orcish Mines (E) Elven Halls (V) Vaults (C) Crypt (W) Tomb (U) Depths (H) Hell (Z) Zot
Where to? (Enter - Depths:1 @ (x,y), ? - help)
You see here 5 stones.
Your transformation is almost over.
A rust devil comes into view.
(D) Dungeon (T) Temple (L) Lair (A) Shoals (P) Snake Pit (M) Slime Pits (O) Orcish Mines (E) Elven Halls (V) Vaults (C) Crypt (W) Tomb (U) Depths (H) Hell (Z) Zot
Where to? (Enter - D:15, ? - help)
A rust devil is nearby!
The rust devil hits you.
You impale the rust devil!!
The rust devil is heavily wounded.
You puncture the rust devil!
The rust devil is almost dead.
You block the rust devil's attack.
You barely miss the rust devil.
You tail-slap the rust devil, but do no damage.
The rust devil is almost dead.
You feel yourself come back to life. You block the rust devil's attack.
You hit the rust devil but do no damage.
You tail-slap the rust devil.
The rust devil looks weaker.
The rust devil is almost dead.
You block the rust devil's attack.
You sock the rust devil!
You kill the rust devil!
Kikubaaqudgha accepts your kill.
No target in view!
(D) Dungeon (T) Temple (L) Lair (A) Shoals (P) Snake Pit (M) Slime Pits (O) Orcish Mines (E) Elven Halls (V) Vaults (C) Crypt (W) Tomb (U) Depths (H) Hell (Z) Zot
Where to? (Enter - D:15, ? - help)
An Orb Guardian comes into view.
You bludgeon the Orb Guardian!! You burn the Orb Guardian.
You tail-slap the Orb Guardian.
The Orb Guardian looks weaker.
The Orb Guardian is moderately wounded.
The Orb Guardian hits you but does no damage.
You barely miss the Orb Guardian.
The Orb Guardian is moderately wounded.
The Orb Guardian completely misses you. You block the Orb Guardian's attack.
You miss the Orb Guardian.
The Orb Guardian is moderately wounded.
You block the Orb Guardian's attack.
You impale the Orb Guardian!! You burn the Orb Guardian.
The Orb Guardian is heavily wounded.
The Orb Guardian misses you.
You barely miss the Orb Guardian.
The Orb Guardian is heavily wounded.
You block the Orb Guardian's attack.
You bludgeon the Orb Guardian!! You burn the Orb Guardian.
You tail-slap the Orb Guardian.
The Orb Guardian is almost dead.
The Orb Guardian closely misses you.
You impale the Orb Guardian!! You burn the Orb Guardian.
You kill the Orb Guardian!
Kikubaaqudgha accepts your kill.
No target in view!
(D) Dungeon (T) Temple (L) Lair (A) Shoals (P) Snake Pit (M) Slime Pits (O) Orcish Mines (E) Elven Halls (V) Vaults (C) Crypt (W) Tomb (U) Depths (H) Hell (Z) Zot
Where to? (Enter - D:15, ? - help)
There is a staircase back to the Dungeon, spattered with blood here.
You climb upwards.
Welcome back to the Dungeon!
There is a staircase to the Depths here.
(D) Dungeon (T) Temple (L) Lair (A) Shoals (P) Snake Pit (M) Slime Pits (O) Orcish Mines (E) Elven Halls (V) Vaults (C) Crypt (W) Tomb (U) Depths (H) Hell (Z) Zot
Where to? (Enter - D:15, ? - help)
You see here 5 large rocks.
There is an open door, spattered with blood here.
You see here a +0 longbow.
There is an open door here.
A hellwing comes into view.
You puncture the hellwing! You burn the hellwing.
The hellwing is moderately wounded.
You puncture the hellwing! You burn the hellwing.
The hellwing is severely wounded.
You block the hellwing's attack. x2
You thump the hellwing! You burn the hellwing.
The hellwing is severely wounded.
You block the hellwing's attack. x2
You bludgeon the hellwing!! You burn the hellwing.
You kill the hellwing!
Kikubaaqudgha accepts your kill.
No target in view!
(D) Dungeon (T) Temple (L) Lair (A) Shoals (P) Snake Pit (M) Slime Pits (O) Orcish Mines (E) Elven Halls (V) Vaults (C) Crypt (W) Tomb (U) Depths (H) Hell (Z) Zot
Where to? (Enter - D:14, ? - help)
There is an open door here.
There is a stone staircase leading up here.
You climb upwards.
There is a stone staircase leading down here.
(D) Dungeon (T) Temple (L) Lair (A) Shoals (P) Snake Pit (M) Slime Pits (O) Orcish Mines (E) Elven Halls (V) Vaults (C) Crypt (W) Tomb (U) Depths (H) Hell (Z) Zot
Where to? (Enter - D:14, ? - help)
A demonspawn black sun, a lorocyproca and a demonspawn corrupter come into view.
Casting: Necromutation (dangerous; 3% risk of failure)
Confirm with . or Enter, or press ? or * to list all spells.
Your body is suffused with negative energy!
The demonspawn black sun calls down the wrath of Kikubaaqudgha upon you.
You convulse!
The demonspawn corrupter calls forth creatures from the Pits of Slime!
The acid blob spits acid at you. The splash of acid hits you. You resist.
The acid corrodes you! You block the lorocyproca's attack.
The demonspawn black sun invokes the aid of Kikubaaqudgha against you.
You convulse!
You bludgeon the lorocyproca!! You burn the lorocyproca.
Your tail-slap misses the lorocyproca.
The lorocyproca is heavily wounded.
You sock the lorocyproca! You burn the lorocyproca.
Your tail-slap misses the lorocyproca.
The lorocyproca is heavily wounded.
The demonspawn black sun prays to Kikubaaqudgha.
The demonspawn black sun begins absorbing vital energies!
The lorocyproca begins absorbing vital energies!
The demonspawn corrupter begins absorbing vital energies!
The acid blob begins absorbing vital energies! x2
The lorocyproca hits you.
You feel your power leaking away. x2
The acid blob spits acid at you.
The splash of acid hits you but does no damage.
The acid corrodes you!
You impale the lorocyproca!! You burn the lorocyproca.
You tail-slap the lorocyproca, but do no damage.
The lorocyproca is almost dead.
The acid blob spits acid at you. The splash of acid misses you.
The lorocyproca barely misses you.
You hit the lorocyproca. You burn the lorocyproca.
The lorocyproca is almost dead.
You bludgeon the lorocyproca!! You burn the lorocyproca.
You kill the lorocyproca!
Kikubaaqudgha accepts your kill.
You hit the demonspawn black sun but do no damage.
You block the demonspawn black sun's attack.
You puncture the demonspawn black sun! You burn the demonspawn black sun.
The demonspawn black sun is lightly wounded.
The acid blob spits acid at you. The splash of acid hits you! You resist.
The demonspawn corrupter closely misses you.
The demonspawn corrupter barely misses you.
The demonspawn black sun closely misses you.
You impale the demonspawn black sun!! You burn the demonspawn black sun!
The demonspawn black sun is severely wounded.
The acid blob hits you!
You are splashed with acid.
You resist.
You feel your attacks grow feeble.
Your +9 eveningstar of flaming stops flaming.
A searing pain shoots up your hand!
b - a +9 demon whip of pain (weapon)
The demonspawn black sun misses you.
The demonspawn corrupter calls forth creatures from the Tomb of the Ancients!
The acid blob spits acid at you.
The splash of acid hits you but does no damage.
You hit the demonspawn black sun but do no damage.
The demonspawn black sun writhes in agony!
Your tail-slap misses the demonspawn black sun.
The demonspawn black sun is almost dead.
You hit the demonspawn black sun.
The demonspawn black sun writhes in agony.
The demonspawn black sun is almost dead.
The demonspawn black sun hits you with a +0 demon whip!
You feel as though you will be weak longer.
The demonspawn corrupter hits you but does no damage.
The demonspawn corrupter kicks you but does no damage.
You block the acid blob's attack.
You hit the demonspawn black sun but do no damage.
The demonspawn black sun writhes in agony!
You kill the demonspawn black sun!
Kikubaaqudgha accepts your kill. You block the acid blob's attack.
You hit the demonspawn corrupter.
You tail-slap the demonspawn corrupter, but do no damage.
The demonspawn corrupter is lightly wounded.
The acid blob disappears in a puff of smoke!
The demonspawn corrupter hits you with a +0 dire flail!
* * * LOW HITPOINT WARNING * * *
You feel as though you will be weak longer.
The demonspawn corrupter misses you.
You hit the demonspawn corrupter.
Your tail-slap misses the demonspawn corrupter.
The demonspawn corrupter is lightly wounded.
The acid blob spits acid at you. The splash of acid hits you. You resist.
* * * LOW HITPOINT WARNING * * *
You block the demonspawn corrupter's attack. x2
You barely miss the demonspawn corrupter.
The demonspawn corrupter is lightly wounded.
You block the ancient champion's attack.
You hit the demonspawn corrupter.
The demonspawn corrupter is lightly wounded.
The acid blob spits acid at you.
The splash of acid hits you but does no damage.
The acid corrodes you!
You block the demonspawn corrupter's attack. x2
You hit the demonspawn corrupter.
The demonspawn corrupter is lightly wounded.
The ancient champion hits you with a +1 vorpal great mace.
* * * LOW HITPOINT WARNING * * *
x2 The acid blob spits acid at you.
The splash of acid hits you! You resist.
* * * LOW HITPOINT WARNING * * *
Activating: Torment (0% risk of failure)
Press: ? - help, Dir - look around, f - activate Kikubaaqudgha torments the living!
You feel a surge of unholy energy.
The acid blob convulses!
The sphinx convulses!
The ancient champion disappears in a puff of smoke!
The demonspawn corrupter calls forth creatures from the Tomb of the Ancients!
The acid blob jiggles.
You block the acid blob's attack.
A neqoxec comes into view.
Activating: Torment (0% risk of failure)
Press: ? - help, Dir - look around, f - activate Kikubaaqudgha torments the living!
You feel a surge of unholy energy.
The sphinx convulses!
The acid blob convulses!
The sphinx disappears in a puff of smoke!
You block the demonspawn corrupter's attack. x2
The acid blob barely misses you.
You hit the demonspawn corrupter.
You tail-slap the demonspawn corrupter, but do no damage.
The demonspawn corrupter is lightly wounded.
The mummy priest prays to its god.
The acid blob spits acid at you. The splash of acid hits you! You resist.
* * * LOW HITPOINT WARNING * * *
The acid corrodes you!
The demonspawn corrupter calls forth creatures from the Abyss!
Blink to where?
Press: ? - help, Dir - move target
As you read the scroll of blinking, it crumbles to dust.
The acid blob disappears in a puff of smoke!
The apocalypse crab breathes chaos at you.
The mummy priest mumbles some strange prayers to its god.
There is an escape hatch in the ceiling here.
A mysterious force pulls you upwards. The hatch slams shut behind you.
Level annotation: 2 transporters, LnG's ghost, journeyman KoSu An Orb Guardian comes into view.
There is a stone staircase leading up here.
You climb upwards.
Your attacks no longer feel as feeble.
There is a stone staircase leading down here.
This spell is mildly dangerous to cast.
Memorise Borgnjor's Revivification, consuming 8 spell levels and leaving 10?
You start memorising the spell.
You continue memorising. x8
You finish memorising.
Spell assigned to 'h'.
You feel yourself come back to life.
Your blood congeals into armour.
You feel much better.
You feel much better.
You feel much better.
Your blood armour dries and flakes away.
You feel much better.
You feel much better.
You are no longer corroded.
HP restored.
There is a stone staircase leading up here.
You climb upwards.
There is a stone staircase leading down here.
Magic restored.
There is a stone staircase leading up here.
You climb upwards.
There is a stone staircase leading down here.
A lorocyproca comes into view.
You can't go up here!
Your +9 eveningstar of flaming bursts into flame!
a - a +9 eveningstar of flaming (weapon)
You puncture the lorocyproca! You burn the lorocyproca.
The lorocyproca is lightly wounded.
You bludgeon the lorocyproca!! You burn the lorocyproca.
The lorocyproca is severely wounded.
The lorocyproca closely misses you.
You hammer the lorocyproca like a gong!!!
You burn the lorocyproca.
You kill the lorocyproca!
Kikubaaqudgha accepts your kill.
There is a stone staircase leading up here.
Your +9 eveningstar of flaming stops flaming.
A searing pain shoots up your arm!
b - a +9 demon whip of pain (weapon)
You climb upwards.
There is a stone staircase leading down here.
An ice devil comes into view.
You can't go up here!
Your +9 eveningstar of flaming bursts into flame!
a - a +9 eveningstar of flaming (weapon)
The ice devil hits you. The ice devil freezes you. You resist.
You bludgeon the ice devil!! You burn the ice devil.
You tail-slap the ice devil, but do no damage.
The ice devil is heavily wounded.
You puncture the ice devil! You burn the ice devil.
You tail-slap the ice devil, but do no damage.
The ice devil is almost dead.
You block the ice devil's attack.
You barely miss the ice devil. You tail-slap the ice devil!
You kill the ice devil!
Kikubaaqudgha accepts your kill.
No target in view!
There is a stone staircase leading up here.
You climb upwards.
There is a stone staircase leading down here.
HP restored.
There is a stone staircase leading up here.
You climb upwards.
There is a stone staircase leading down here.
There is an open door here.
You see here a +3 rapier.
There is an open door here.
A hell beast comes into view.
The hell beast bites you but does no damage.
You block the hell beast's attack.
You sock the hell beast! You burn the hell beast.
Your tail-slap misses the hell beast.
The hell beast is lightly wounded.
The hell beast bites you but does no damage.
You block the hell beast's attack.
You hit the hell beast. You burn the hell beast.
The hell beast is moderately wounded.
The hell beast bites you but does no damage.
The hell beast completely misses you.
You bludgeon the hell beast!! You burn the hell beast.
The hell beast is heavily wounded.
You block the hell beast's attack. x2; The hell beast bites you.
The hell beast closely misses you.
You hit the hell beast but do no damage.
The hell beast is heavily wounded.
You block the hell beast's attack.
The hell beast tramples you but does no damage.
You crush the hell beast like a grape!!!
You burn the hell beast!!
You kill the hell beast!
Kikubaaqudgha accepts your kill.
No target in view!
(D) Dungeon (T) Temple (L) Lair (A) Shoals (P) Snake Pit (M) Slime Pits (O) Orcish Mines (E) Elven Halls (V) Vaults (C) Crypt (W) Tomb (U) Depths (H) Hell (Z) Zot
Where to? (Enter - D:7 @ (x,y), ? - help)
There is a stone staircase leading up here.
You climb upwards.
There is a stone staircase leading down here.
An Executioner and 2 large abominations come into view.
You can't go up here!
Unknown command.
Casting: Necromutation (dangerous; 3% risk of failure)
Confirm with . or Enter, or press ? or * to list all spells.
Aiming: Haunt (mildly dangerous; 5% risk of failure)
Press: ? - help, Dir - move target, f - Executioner
Aim: an Executioner Insubstantial figures form in the air.
A large abomination comes into view.
The Executioner gestures.
The Executioner seems to speed up.
Your wraith hits the Executioner.
Your wraith drains the Executioner's vigour!
The Executioner seems to slow down.
The Executioner hits your wraith.
The Executioner hits your wraith but does no damage. x2
The large abomination hits your shadow wraith!
Your shadow wraith hits the Executioner!!
Your shadow wraith drains the Executioner's vigour!
The Executioner seems to slow down.
Casting: Haunt (mildly dangerous; 5% risk of failure)
Confirm with . or Enter, or press ? or * to list all spells.
Aiming: Infestation (mildly dangerous; 1% risk of failure)
Press: ? - help, Dir - move target, f/p - Executioner
Aim: an Executioner (heavily wounded, fast, slow, ally target)
You call forth a plague of scarabs!
The Executioner is infested!
Your freezing wraith is unaffected.
Your wraith is unaffected.
The large abomination is infested!
Your shadow wraith is unaffected.
The large abomination is infested!
Your freezing wraith is unaffected.
The Executioner hits your wraith!!
The Executioner hits your wraith but does no damage. x2
The large abomination closely misses your freezing wraith.
Your freezing wraith closely misses the Executioner.
Your freezing wraith misses the Executioner.
Your shadow wraith closely misses the Executioner.
Your wraith closely misses the Executioner.
The Executioner hits your wraith but does no damage. x2
The Executioner hits your wraith.
Your freezing wraith hits the Executioner but does no damage.
Your freezing wraith misses the Executioner.
The large abomination hits your shadow wraith!
You block the large abomination's attack.
The large abomination hits your wraith!!
Your wraith is destroyed!
Your wraith disappears in a puff of smoke!
Your shadow wraith barely misses the Executioner.
The large abomination hits your shadow wraith!!
Your shadow wraith is destroyed!
Your shadow wraith disappears in a puff of smoke!
You hit the large abomination. You burn the large abomination.
You tail-slap the large abomination.
The large abomination is moderately damaged.
The large abomination misses you.
You completely miss the large abomination.
The large abomination is moderately damaged.
You completely miss the large abomination.
The large abomination is moderately damaged.
Your freezing wraith hits the large abomination!
Your freezing wraith freezes the large abomination!!
Your freezing wraith closely misses the large abomination.
You bludgeon the Executioner!! You burn the Executioner.
The Executioner is severely wounded.
The Executioner hits you but does no damage. x2
You block the Executioner's attack.
You hit the Executioner. You burn the Executioner.
You tail-slap the Executioner!
The Executioner looks weaker.
The Executioner is almost dead.
You block the Executioner's attack.
The Executioner hits you but does no damage. x2
Your freezing wraith hits the large abomination but does no damage. x2
Your freezing wraith hits the large abomination.
Your freezing wraith freezes the large abomination!
The large abomination is destroyed!
Kikubaaqudgha accepts your kill.
The large abomination hits your freezing wraith!
A sun demon comes into view.
The Executioner misses you. You block the Executioner's attack.
The Executioner closely misses you.
You barely miss the Executioner. You tail-slap the Executioner.
The Executioner is almost dead.
You block the Executioner's attack. x3
The large abomination hits your freezing wraith!
Your freezing wraith hits the sun demon!
Your freezing wraith freezes the sun demon!
The sun demon is frozen!
Your freezing wraith closely misses the sun demon.
Your freezing wraith completely misses the sun demon.
Your freezing wraith hits the sun demon!
Your freezing wraith drains the sun demon's vigour!
The sun demon seems to slow down.
You hit the Executioner. You burn the Executioner.
You kill the Executioner!
Kikubaaqudgha accepts your kill.
A death scarab bursts from the Executioner!
The sun demon hits your freezing wraith!
Your freezing wraith is engulfed in flames!
Your freezing wraith is burned terribly!
Your freezing wraith is destroyed!
Your freezing wraith disappears in a puff of smoke!
Your freezing wraith barely misses the sun demon.
Your freezing wraith hits the sun demon!
You swap places.
Your freezing wraith hits the sun demon!
The sun demon dies!
Kikubaaqudgha accepts your kill.
The large abomination closely misses you.
You perforate the large abomination like a sieve!!!
You burn the large abomination!
You destroy the large abomination!
Kikubaaqudgha accepts your kill.
A death scarab bursts from the large abomination!
Your Armour skill increases to level 18!
You puncture the large abomination! You burn the large abomination.
You tail-slap the large abomination!
The large abomination is heavily damaged.
Your freezing wraith hits the large abomination!
Your freezing wraith freezes the large abomination!!
The large abomination is destroyed!
Kikubaaqudgha accepts your kill.
A death scarab bursts from the large abomination!
No target in view!
Your freezing wraith disappears in a puff of smoke!
You swap places.
There is a stone staircase leading up here.
You climb upwards.
Your mindless puppets stay behind to rot.
Level annotation: 2 transporters, Bediveer's ghost, weakling OgWr
There is a stone staircase leading down here.
A shadow demon comes into view.
You can't go up here!
There is a stone staircase leading up here.
The shadow demon gestures.
You climb upwards.
There is a stone staircase leading down here.
There is a stone staircase leading up here.
You climb upwards.
Level annotation: 1 runed translucent door, Crazy Yiuf
There is a stone staircase leading down here.
Magic restored.
Things that are here:
a +0 spear; a +0 dagger A Hell Sentinel comes into view.
There is an open door here.
You can't go up here!
Casting: Infestation (mildly dangerous; 1% risk of failure)
Confirm with . or Enter, or press ? or * to list all spells.
Aiming: Haunt (mildly dangerous; 5% risk of failure)
Press: ? - help, Dir - move target, f - Hell Sentinel
Aim: a Hell Sentinel Insubstantial figures form in the air.
Your wraith hits the Hell Sentinel but does no damage.
The Hell Sentinel misses your phantasmal warrior.
The Hell Sentinel hits your phantasmal warrior.
Your freezing wraith hits the Hell Sentinel.
Your freezing wraith freezes the Hell Sentinel.
The Hell Sentinel completely resists.
Your freezing wraith hits the Hell Sentinel but does no damage.
Your phantasmal warrior hits the Hell Sentinel!!
Your phantasmal warrior hits the Hell Sentinel.
Your wraith hits the Hell Sentinel but does no damage.
The Hell Sentinel hits your phantasmal warrior!!
The Hell Sentinel hits your phantasmal warrior but does no damage.
You barely miss the Hell Sentinel.
You tail-slap the Hell Sentinel, but do no damage.
The Hell Sentinel is moderately wounded.
You sock the Hell Sentinel!
You tail-slap the Hell Sentinel, but do no damage.
The Hell Sentinel is moderately wounded.
Your phantasmal warrior hits the Hell Sentinel.
Your freezing wraith hits the Hell Sentinel.
Your freezing wraith freezes the Hell Sentinel.
The Hell Sentinel completely resists.
Your freezing wraith barely misses the Hell Sentinel.
The Hell Sentinel barely misses you. The Hell Sentinel misses you.
Your phantasmal warrior hits the Hell Sentinel.
Your wraith hits the Hell Sentinel but does no damage.
You bludgeon the Hell Sentinel!!
The Hell Sentinel is heavily wounded.
Your freezing wraith hits the Hell Sentinel but does no damage.
Your freezing wraith hits the Hell Sentinel!
Your phantasmal warrior hits the Hell Sentinel!
Your wraith hits the Hell Sentinel but does no damage.
The Hell Sentinel hits your phantasmal warrior!!!
Your phantasmal warrior is destroyed!
Your phantasmal warrior disappears in a puff of smoke!
Your phantasmal warrior barely misses the Hell Sentinel.
The Hell Sentinel roars!
You puncture the Hell Sentinel!
The Hell Sentinel is severely wounded.
Your wraith hits the Hell Sentinel but does no damage.
Your freezing wraith barely misses the Hell Sentinel.
Your freezing wraith hits the Hell Sentinel.
Your freezing wraith drains the Hell Sentinel's vigour!
The Hell Sentinel seems to slow down.
Your phantasmal warrior hits the Hell Sentinel!
The Hell Sentinel hits your phantasmal warrior!
The Hell Sentinel closely misses your phantasmal warrior.
You hit the Hell Sentinel but do no damage.
You tail-slap the Hell Sentinel, but do no damage.
The Hell Sentinel is severely wounded.
You hit the Hell Sentinel.
You tail-slap the Hell Sentinel, but do no damage.
The Hell Sentinel is severely wounded.
Your phantasmal warrior hits the Hell Sentinel!!
Your wraith hits the Hell Sentinel!
Your wraith drains the Hell Sentinel's vigour!
The Hell Sentinel seems to slow down.
Your freezing wraith hits the Hell Sentinel.
Your freezing wraith freezes the Hell Sentinel.
The Hell Sentinel completely resists.
Your freezing wraith hits the Hell Sentinel but does no damage.
The Hell Sentinel gestures at you.
The sphere of damnation explodes!
The damnation engulfs you!!
The damnation engulfs the Hell Sentinel.
The Hell Sentinel completely resists.
You impale the Hell Sentinel!!
You kill the Hell Sentinel!
Kikubaaqudgha accepts your kill.
You swap places.
Your wraith disappears in a puff of smoke!
Your freezing wraith disappears in a puff of smoke!
(D) Dungeon (T) Temple (L) Lair (A) Shoals (P) Snake Pit (M) Slime Pits (O) Orcish Mines (E) Elven Halls (V) Vaults (C) Crypt (W) Tomb (U) Depths (H) Hell (Z) Zot
Where to? (Enter - D:3 @ (x,y), ? - help)
Your phantasmal warrior disappears in a puff of smoke!
There is an open door here.
An orange demon comes into view.
Ruosaog comes into view. It is armed with a chaotic touch.
Ruosaog shouts, "Embrace submission, thou foppish hasty-witted hugger-mugger!"
You block the orange demon's attack.
Press: ? - help, v - describe, . - travel
Here: Ruosaog, armed with a chaotic touch The floor.
You hit Ruosaog but do no damage. You tail-slap Ruosaog!
Ruosaog looks weaker.
Ruosaog is lightly wounded.
You bludgeon Ruosaog!! You burn Ruosaog!
Ruosaog is lightly wounded.
Ruosaog hits you but does no damage.
The orange demon stings you but does no damage.
You impale Ruosaog!! You burn Ruosaog.
Ruosaog is moderately wounded.
Ruosaog misses you. You block the orange demon's attack.
Ruosaog barely misses you.
You bludgeon Ruosaog!! You burn Ruosaog.
Ruosaog is moderately wounded.
Ruosaog hits you but does no damage. You block the orange demon's attack.
Casting: Haunt (mildly dangerous; 5% risk of failure)
Confirm with . or Enter, or press ? or * to list all spells.
Aiming: Haunt (mildly dangerous; 5% risk of failure)
Press: ? - help, Dir - move target, f - Ruosaog
Aim: Ruosaog, armed with a chaotic touch (moderately wounded, weak) Insubstantial figures form in the air.
You block Ruosaog's attack. The orange demon stings you from afar.
You miss Ruosaog.
Your tail-slap misses Ruosaog.
Ruosaog is moderately wounded.
Ruosaog hits you but does no damage.
You impale Ruosaog!! You burn Ruosaog!
Ruosaog is heavily wounded.
Ruosaog hits you.
You feel your power leaking away. The orange demon closely misses you.
Your shadow wraith misses Ruosaog.
Your shadow wraith hits the orange demon!
Your shadow wraith drains the orange demon's vigour!
The orange demon seems to slow down.
Your wraith hits Ruosaog. You spit Ruosaog like a pig!!! You burn Ruosaog.
Your tail-slap misses Ruosaog.
Ruosaog is severely wounded.
Ruosaog hits you but does no damage.
Your shadow wraith misses Ruosaog.
Your shadow wraith closely misses the orange demon.
The orange demon stings you but does no damage.
You block Ruosaog's attack.
You completely miss Ruosaog.
Ruosaog is severely wounded.
Ruosaog hits you but does no damage.
You completely miss Ruosaog.
Ruosaog is severely wounded.
Your shadow wraith closely misses Ruosaog.
Your shadow wraith hits the orange demon!!
Your shadow wraith drains the orange demon's vigour!
The orange demon seems to slow down.
The orange demon stings your shadow wraith.
The orange demon hits your shadow wraith.
You block Ruosaog's attack.
You barely miss Ruosaog.
Ruosaog is severely wounded.
Your shadow wraith barely misses Ruosaog.
Your shadow wraith hits the orange demon!
Your shadow wraith drains the orange demon's vigour!
The orange demon seems to slow down.
Your phantasmal warrior misses Ruosaog.
Ruosaog hits you but does no damage.
You miss Ruosaog.
Your tail-slap misses Ruosaog.
Ruosaog is severely wounded.
Ruosaog hits you but does no damage.
The orange demon stings your shadow wraith but does no damage.
The orange demon hits your shadow wraith but does no damage.
Your phantasmal warrior completely misses Ruosaog.
Your shadow wraith completely misses Ruosaog.
Your shadow wraith hits the orange demon but does no damage.
You sock Ruosaog! You burn Ruosaog.
You tail-slap Ruosaog, but do no damage.
Ruosaog is severely wounded.
You block Ruosaog's attack.
You bludgeon Ruosaog!! You burn Ruosaog.
Ruosaog is almost dead.
Your shadow wraith hits the orange demon but does no damage.
Your phantasmal warrior completely misses Ruosaog.
Your shadow wraith closely misses Ruosaog.
Ruosaog completely misses you.
The orange demon barely misses your shadow wraith.
The orange demon hits your shadow wraith but does no damage.
You sock Ruosaog! You burn Ruosaog.
Ruosaog is almost dead.
Ruosaog hits you but does no damage.
Your shadow wraith completely misses Ruosaog.
Your shadow wraith hits the orange demon!
The orange demon dies!
Kikubaaqudgha accepts your kill.
Your phantasmal warrior hits Ruosaog.
Ruosaog's willpower is stripped away!
You hit Ruosaog. You burn Ruosaog.
Your tail-slap misses Ruosaog.
Ruosaog is almost dead.
Ruosaog hits you!
You convulse.
Your shadow wraith completely misses Ruosaog.
Your phantasmal warrior hits Ruosaog!!
You catch the helpless Ruosaog completely off-guard!
You hit Ruosaog. You burn Ruosaog.
Your tail-slap misses Ruosaog.
Ruosaog is almost dead.
You block Ruosaog's attack.
You miss Ruosaog.
Your tail-slap misses Ruosaog.
Ruosaog is almost dead.
Ruosaog is no longer weakened.
You block Ruosaog's attack.
Your shadow wraith misses Ruosaog.
Your shadow wraith completely misses Ruosaog.
Your phantasmal warrior misses Ruosaog.
You block Ruosaog's attack.
You barely miss Ruosaog.
Your tail-slap misses Ruosaog.
Ruosaog is almost dead.
Your shadow wraith completely misses Ruosaog.
Your phantasmal warrior completely misses Ruosaog.
Your shadow wraith hits Ruosaog but does no damage.
You block Ruosaog's attack.
You hit Ruosaog but do no damage. You tail-slap Ruosaog.
Ruosaog looks weaker.
Ruosaog is almost dead.
Ruosaog completely misses you.
Your shadow wraith barely misses Ruosaog.
Your shadow wraith completely misses Ruosaog.
Your phantasmal warrior hits Ruosaog!!
Ruosaog dies!
Kikubaaqudgha accepts your kill.
You swap places.
(D) Dungeon (T) Temple (L) Lair (A) Shoals (P) Snake Pit (M) Slime Pits (O) Orcish Mines (E) Elven Halls (V) Vaults (C) Crypt (W) Tomb (U) Depths (H) Hell (Z) Zot
Where to? (Enter - D:2, ? - help)
Your phantasmal warrior disappears in a puff of smoke!
Your freezing wraith disappears in a puff of smoke!
Your shadow wraith disappears in a puff of smoke! x2
Your wraith disappears in a puff of smoke!
There is an escape hatch in the floor here.
There is an open door here.
There is a stone staircase leading up here.
You climb upwards.
There is a stone staircase leading down here.
(D) Dungeon (T) Temple (L) Lair (A) Shoals (P) Snake Pit (M) Slime Pits (O) Orcish Mines (E) Elven Halls (V) Vaults (C) Crypt (W) Tomb (U) Depths (H) Hell (Z) Zot
Where to? (Enter - D:2, ? - help)
There is a stone staircase leading up here.
You climb upwards.
There is a stone staircase leading down here.
(D) Dungeon (T) Temple (L) Lair (A) Shoals (P) Snake Pit (M) Slime Pits (O) Orcish Mines (E) Elven Halls (V) Vaults (C) Crypt (W) Tomb (U) Depths (H) Hell (Z) Zot
Where to? (Enter - D:1, ? - help)
Okay, then.
(D) Dungeon (T) Temple (L) Lair (A) Shoals (P) Snake Pit (M) Slime Pits (O) Orcish Mines (E) Elven Halls (V) Vaults (C) Crypt (W) Tomb (U) Depths (H) Hell (Z) Zot
Where to? (Enter - D:1, ? - help)
Okay, then.
You see here a +0 ring mail.
There is an open door here.
HP restored.
There is a large open door here.
There is a large open door here.
There is an open door here.
There is a staircase leading out of the dungeon here.
You have escaped!

##.#.##.##...............####.###
##'#.##.##....#####.####.# #....
.....##.###.........####.####....
.....#8.8##.#..........#......###
....###.###.####+#####.#####..#
.....##'# #.#.......##.#####..###
#######'# #.#.8.8.8.##.#.........
.....##.# #.#.......##.#.###..###
####.##.# #.'.8.@.8.+..#.# #..# #
#..#.###.#.......#..#.###..##
#####.#.....#.8.8.8.#.##.......#
..# #.#######.......#.##.......#
..###.....# ####'####..........#
...######.######.## #.###......#
....# #.##......###.###......#
....# #..#......#............#
....# ##.#......+.#.######'###


There were no monsters in sight!

Vanquished Creatures
  the Royal Jelly (Slime:5)
  Dissolution (Slime:2)
  A pandemonium lord (Zot:4)
  4 dread liches (Zot:5)
  Tiamat (Zot:1)
  3 orbs of fire
  2 ancient liches
  3 juggernauts
  Sojobo (Depths:1)
  A royal mummy (Crypt:3)
  Boris (6 times) (Vaults:2 Vaults:3 Depths:1 Crypt:3 Vaults:4)
  Saint Roka (Vaults:5)
  Parghit (Zot:2)
  7 Killer Klowns
  Vashnia (Snake:3)
  Nikola (Depths:2)
  8 golden dragons
  A bone dragon (Depths:4)
  2 electric golems (Zot:5)
  A Tzitzimitl (Depths:3)
  A Hell Sentinel (D:3)
  An Ice Fiend (Depths:4)
  A walking crystal tome (Depths:2)
  A lich (Crypt:3)
  A shard shrike skeleton (Abyss:3)
  13 tentacled monstrosities
  9 quicksilver dragons
  5 titans
  20 Orb Guardians
  15 acid blobs
  2 walking frostbound tomes (Depths:1)
  2 tentacled starspawn (Abyss:3)
  2 deep elf master archers
  The ghost of ystael the Severer, an adept MiFi of the Shining One (Shoals:3)
  2 deep elf blademasters
  8 death cobs
  5 ancient champions
  7 sphinxes
  3 Executioners
  Polyphemus (Shoals:2)
  Gastronok (Lair:3)
  A kraken (Shoals:2)
  A revenant (Vaults:2)
  14 azure jellies
  8 tengu reavers
  21 storm dragons
  A draconian knight (Zot:1)
  12 shadow dragons
  Ilsuiw (Shoals:2)
  2 daevas (Abyss:3)
  Roxanne (Elf:2)
  5 nagarajas
  15 rockslimes
  3 draconian monks
  7 deep elf sorcerers (Elf:3)
  4 iron dragons
  2 fire giants (Depths:2)
  A fire giant (shapeshifter) (Depths:2)
  22 vault wardens
  10 draconian scorchers
  16 frost giants
  A ghost moth (Zot:1)
  5 curse skulls
  5 draconian shifters
  A juggernaut zombie (Depths:2)
  Aizul (Elf:2)
  Louise (Shoals:2)
  A balrug (Depths:2)
  3 orc warlords
  11 ghouls
  5 deep elf elementalists
  13 quicksilver oozes
  18 ironbound preservers
  5 draconian stormcallers
  7 draconian annihilators
  2 war gargoyles
  A reaper (Crypt:2)
  5 spriggan defenders
  25 very ugly things
  15 stone giants
  3 ironbound thunderhulks
  13 vampire knights
  9 yellow draconians
  2 lorocyprocas
  7 green draconians
  14 black draconians
  6 deep elf demonologists
  9 purple draconians
  11 red draconians
  7 dire elephants
  10 white draconians
  6 spark wasps
  4 deep elf annihilators (Elf:3)
  A demonspawn black sun (D:14)
  A blizzard demon (Depths:4)
  10 merfolk javelineers
  8 deep elf death magi
  12 ettins
  5 eidola
  8 jiangshi
  10 fire dragons
  Snorg (D:12)
  5 mummy priests (Crypt:3)
  9 merfolk impalers
  4 deep elf high priests
  2 spriggan zombies
  4 entropy weavers
  11 yaktaur captains
  14 great orbs of eyes
  13 ice dragons
  3 rakshasas
  5 hydras
  4 salamander tyrants
  4 ogre magi
  A great orb of eyes (shapeshifter) (Depths:3)
  A hell beast (D:7)
  29 vault guards
  Erica (Lair:2)
  5 anacondas
  An anaconda (shapeshifter) (Vaults:5)
  4 merfolk avatars
  A peacekeeper (Vaults:4)
  An alligator snapping turtle (Shoals:4)
  A catoblepas (Shoals:2)
  5 spriggan air magi
  27 dancing weapons
  6 satyrs
  5 ironbound frosthearts
  5 death knights
  3 boulder beetles
  20 two-headed ogres
  6 merfolk aquamancers (Shoals:4)
  5 centaur warriors
  10 naga warriors
  5 deep troll earth magi
  13 deep troll shamans
  7 tengu warriors
  8 death yaks
  3 hell hogs (Abyss:3)
  A titan zombie (Depths:2)
  9 vampire magi
  17 naga sharpshooters
  5 spriggan berserkers
  3 shock serpents
  9 deep elf knights
  2 soul eaters
  2 wretched stars (Abyss:3)
  A fire crab (shapeshifter) (D:15)
  7 hell knights (Depths:4)
  6 salamander mystics
  3 sun demons
  8 skeletal warriors
  A fire crab (Lair:5)
  A bunyip zombie (Crypt:2)
  6 shadow wraiths (Depths:3)
  3 glowing orange brains
  A steelbarb worm (shapeshifter) (Vaults:5)
  39 deep trolls
  13 sea snakes
  11 iron trolls
  3 shadow demons (Depths:3)
  4 naga ritualists
  8 bog bodies
  9 flayed ghosts
  9 wizards
  3 lindwurms (Vaults:2)
  3 deep elf archers
  8 necromancers
  A golden dragon skeleton (Crypt:2)
  2 wolf spiders (Lair:5)
  14 phantasmal warriors
  27 deep elf pyromancers
  19 deep elf zephyrmancers
  10 harpies
  A broodmother zombie (Crypt:3)
  23 ironbound convokers
  50 ugly things
  A wolf spider (shapeshifter) (Depths:3)
  12 orc knights
  5 cyclopes
  A frost giant zombie (Depths:2)
  2 mana vipers (shapeshifter)
  11 mana vipers
  5 large abominations
  A sphinx skeleton (Crypt:1)
  18 fauns
  A fire giant zombie (Vaults:3)
  3 shining eyes (Slime:5)
  20 salamanders
  12 moths of wrath
  3 draconians (Abyss:3)
  7 orc sorcerers
  17 manticores
  5 elephants (Lair:5)
  A rust devil (Depths:1)
  13 vault sentinels
  7 water nymphs
  8 merfolk sirens
  3 guardian serpents
  2 eyes of devastation
  28 black mambas
  An alligator snapping turtle zombie (Crypt:2)
  3 ice statues (IceCv)
  20 naga magi
  An elf skeleton (Vaults:3)
  2 molten gargoyles (Volcano)
  A torpor snail (Lair:2)
  2 gargoyles
  2 orange demons (Zot:5)
  A catoblepas zombie (Crypt:1)
  An unseen horror (shapeshifter) (D:14)
  13 cane toads
  2 nameless horrors (Zot:2)
  2 rime drakes
  An unseen horror (D:10)
  A cane toad (shapeshifter) (D:13)
  An unseen horror zombie (D:9)
  A dire elephant skeleton (Abyss:3)
  12 komodo dragons
  An alligator snapping turtle skeleton (Crypt:1)
  2 tengu conjurers (Depths:4)
  48 yaktaurs
  2 hellwings
  A tormentor (Abyss:3)
  3 freezing wraiths
  11 starcursed masses (Abyss:3)
  3 human skeletons (Vaults:3)
  An ice devil (D:9)
  2 trolls (shapeshifter)
  A purple draconian skeleton (Crypt:1)
  A yaktaur skeleton (Vaults:3)
  A harpy zombie (Crypt:3)
  28 guardian mummies (Crypt:3)
  A sea snake skeleton (Crypt:1)
  25 merfolk
  2 ancient zymes (Abyss:3)
  A tarantella (shapeshifter) (Vaults:5)
  3 meliai (D:14)
  11 trolls
  9 polar bears (Lair:5)
  9 hornets
  13 blink frogs (Lair:5)
  84 slime creatures
  6 wind drakes
  6 raiju
  3 dream sheep (Shoals:1)
  A slime creature (shapeshifter) (Vaults:1)
  8 snapping turtles
  A fire giant simulacrum (Vaults:3)
  8 flying skulls
  4 air elementals
  8 ushabtiu (Crypt:3)
  5 shadows
  3 vampires
  10 wraiths
  22 water elementals
  40 yaks
  14 wyverns
  An ettin skeleton (Crypt:2)
  4 basilisks
  4 spriggans
  A ynoxinul (Abyss:3)
  4 fire elementals
  A redback (shapeshifter) (Depths:3)
  2 steam dragons
  A golden eye (Slime:5)
  14 fire bats
  5 redbacks
  4 vampire mosquitoes (D:12)
  8 wargs
  56 nagas
  A harpy simulacrum (Abyss:3)
  A swamp worm (shapeshifter) (Depths:3)
  A two-headed ogre zombie (Crypt:2)
  11 hell hounds (Lair:5)
  A water nymph zombie (Crypt:2)
  2 acid dragons
  2 floating eyes
  24 water moccasins
  A demonspawn skeleton (Crypt:3)
  A swamp dragon zombie (Crypt:1)
  2 naga skeletons (Crypt:1)
  2 ice beasts (D:6)
  12 orc warriors
  10 black bears (Lair:5)
  2 great orb of eyes simulacra (IceCv)
  25 ogres
  2 sky beasts
  A boggart (shapeshifter) (D:14)
  11 centaurs
  A slime creature simulacrum (IceCv)
  20 wolves
  A boggart (Vaults:2)
  A hog skeleton (Crypt:3)
  8 kobold brigands
  2 elf simulacra (Elf:3)
  2 gnoll sergeants
  4 glowing shapeshifter simulacra (IceCv)
  13 bullfrogs
  5 necrophages
  2 scorpions
  4 small abominations (Abyss:3)
  9 wights
  A warg zombie (Crypt:1)
  4 killer bees (D:7)
  10 wolf zombies (Bailey)
  A raiju skeleton (Crypt:3)
  2 electric eels
  7 vampire bats (Bailey)
  5 howler monkeys
  A crimson imp (Abyss:3)
  A bullfrog zombie (Crypt:1)
  7 lava snakes
  A centaur zombie (D:9)
  An iron imp (Abyss:3)
  4 hounds
  2 human zombies
  9 orc priests
  2 centaur skeletons
  A gnoll bouda (D:8)
  2 jellies
  5 iguanas
  Natasha (twice) (D:3)
  7 orc wizards
  3 shapeshifter simulacra (IceCv)
  2 sky beast zombies
  A hound zombie (D:4)
  17 mummies
  A killer bee simulacrum (D:9)
  14 gnolls
  4 adders
  A white imp (D:7)
  2 ufetubi (Abyss:3)
  An adder skeleton (Crypt:1)
  2 adder zombies (D:4)
  A dart slug (D:4)
  A worm (D:2)
  33 orcs
  70 bats
  A bat skeleton (Crypt:2)
  6 endoplasms
  3 giant cockroaches
  8 hobgoblins
  9 jackals
  A quokka (D:5)
  7 ball pythons
  A ball python zombie (Crypt:3)
  2 frilled lizards
  10 goblins
  4 goblin zombies (Ossuary)
  3 hobgoblin zombies (Ossuary)
  19 kobolds
  6 kobold zombies
  21 orc zombies
  5 rats
  A bush (Lair:5)
  A starspawn tentacle (Abyss:3)
  4 tentacles (Shoals:2)
2454 creatures vanquished.

Vanquished Creatures (collateral kills)
  4 ancient liches
  A pandemonium lord (D:3)
  2 dread liches
  7 orbs of fire
  Mara (Vaults:5)
  2 Killer Klowns (Zot:5)
  A golden dragon (Zot:3)
  3 tentacled monstrosities
  6 Orb Guardians (Zot:5)
  A titan (Vaults:5)
  2 quicksilver dragons (Vaults:5)
  A death cob (Zot:1)
  4 shadow dragons
  A storm dragon (Depths:1)
  2 draconian monks
  A nagaraja (Snake:2)
  2 fire giants
  2 rockslimes (Slime:5)
  2 draconian knights
  A deep elf sorcerer (Vaults:5)
  3 vault wardens
  3 draconian shifters
  A ghost moth (Zot:3)
  3 ironbound preservers
  A spriggan defender (Depths:2)
  2 draconian scorchers (Zot:3)
  2 draconian annihilators
  A stone giant (Vaults:5)
  A green draconian (Zot:2)
  3 deep elf demonologists
  A yellow draconian (Zot:2)
  A black draconian (Zot:2)
  4 white draconians
  A red draconian (Zot:1)
  2 dire elephants
  A purple draconian (Zot:4)
  A deep elf death mage (Elf:3)
  2 merfolk impalers (Shoals:4)
  An ettin (Vaults:5)
  A fire dragon (Depths:2)
  A jiangshi (Elf:3)
  3 yaktaur captains
  3 deep elf high priests (Vaults:5)
  A hydra (D:12)
  9 vault guards
  An alligator snapping turtle (Shoals:3)
  A centaur warrior (Vaults:1)
  A fenstrider witch skeleton (Crypt:3)
  An ogre mage (Vaults:5)
  A tengu warrior (Depths:1)
  Urug (D:11)
  2 naga sharpshooters
  A sun demon (D:6)
  Amaemon (Lair:1)
  A shadow wraith (Elf:3)
  A flayed ghost (Elf:3)
  Pikel (D:5)
  A deep elf archer (Elf:1)
  3 phantasmal warriors (Vaults:5)
  A golden dragon skeleton (Depths:2)
  A wizard (Vaults:1)
  4 ironbound convokers
  An orc knight (Vaults:3)
  A shining eye (Slime:5)
  A deep elf pyromancer (Elf:1)
  2 deep elf zephyrmancers
  A cyclops (Shoals:1)
  2 manticores
  3 moths of wrath
  2 vault sentinels
  A naga mage (Snake:3)
  A black mamba (Snake:3)
  2 orange demons
  A spectral elf (Elf:3)
  A yaktaur (Vaults:1)
  2 trolls
  A meliai (shapeshifter) (Vaults:5)
  5 merfolk
  4 wind drakes (Shoals:4)
  2 slime creatures (Slime:4)
  A snapping turtle (Shoals:2)
  A culicivora (Vaults:5)
  An air elemental (Shoals:4)
  3 yaks
  2 water elementals (Shoals:4)
  A redback (Vaults:5)
  A steam dragon (D:9)
  2 large abominations (D:6)
  4 nagas
  2 hell hounds (Lair:5)
  A small abomination (Zot:4)
  A great orb of eyes simulacrum (IceCv)
  3 orc warriors
  A black bear (Lair:5)
  A sky beast (D:8)
  2 slime creature simulacra (IceCv)
  2 necrophages
  4 wights
  An iron imp (Abyss:3)
  A gnoll (D:9)
  An adder (D:6)
  An orc (Vaults:5)
  A kobold (D:9)
  A lost soul (Elf:3)
193 creatures vanquished.

Vanquished Creatures (others)
  2 liches
  A sphinx (Depths:2)
  2 tengu reavers (Depths:2)
  A draconian knight (Zot:2)
  A vault guard (Vaults:4)
  A rakshasa (Depths:2)
  A spriggan air mage (Depths:2)
  A death yak (Lair:3)
  A deep troll shaman (Depths:2)
  A deep troll earth mage (Depths:2)
  A naga sharpshooter (Snake:1)
  An orc high priest (Orc:2)
  An iron troll (Depths:2)
  A deep elf zephyrmancer (Elf:1)
  A rust devil (Abyss:3)
  A tengu conjurer (Depths:2)
  A merfolk (Shoals:2)
  A hornet (Depths:2)
  A dream sheep (shapeshifter) (Depths:2)
  2 spriggans (Depths:2)
  A warg (Vaults:5)
  An orc warrior (D:7)
  A centaur (Lair:3)
  A killer bee (D:7)
  A starcursed mass (Abyss:3)
  A killer bee zombie (D:9)
  3 orcs
  3 ball lightnings (Zot:4)
  A bush (Lair:4)
  22 fungi
  A lost soul (Elf:3)
  86 plants
  3 starspawn tentacles (Abyss:3)
  4 tentacles (Shoals:2)
152 creatures vanquished.

Grand Total: 2799 creatures vanquished

Notes
Turn   | Place    | Note
-------+----------+-------------------------------------------
     0 | D:1      | sleeves the Demonspawn Fighter began the quest for the Orb.
     0 | D:1      | Reached XP level 1. HP: 18/18 MP: 1/1
    85 | D:1      | Reached skill level 2 in Maces & Flails
   373 | D:1      | Gained mutation: You have a small tail. [demonic ancestry]
   373 | D:1      | Reached XP level 2. HP: 24/24 MP: 2/2
   459 | D:1      | Found a faded altar of an unknown god.
  1013 | D:2      | Reached skill level 3 in Maces & Flails
  1111 | D:2      | Found Kitem's Antique Weapon Shoppe.
  1194 | D:2      | Identified the amulet "Bojogy Okhli" {Spirit rF+}
  1242 | D:2      | Gained mutation: A meltable shield of frost defends you.
                  | (SH +4) [demonic ancestry]
  1242 | D:2      | Reached XP level 3. HP: 29/29 MP: 3/3
  1592 | D:3      | Found an iron altar of Okawaru.
  1593 | D:3      | Found a bloodstained altar of Trog.
  1822 | D:3      | Noticed Natasha
  1831 | D:3      | Killed Natasha
  1832 | D:3      | Reached skill level 4 in Maces & Flails
  1832 | D:3      | Gained mutation: A weak demonic guardian rushes to your
                  | aid. [demonic ancestry]
  1832 | D:3      | Reached XP level 4. HP: 29/35 MP: 4/4
  2267 | D:3      | Found a runed translucent door.
  2268 | D:3      | Noticed Crazy Yiuf
  2831 | D:3      | Noticed Natasha
  2843 | D:3      | Killed Natasha
  2984 | D:4      | Reached skill level 5 in Maces & Flails
  2984 | D:4      | Gained mutation: A demonic guardian rushes to your aid.
                  | [demonic ancestry]
  2984 | D:4      | Reached XP level 5. HP: 41/41 MP: 5/5
  3442 | D:4      | Found a sand-covered staircase.
  3457 | D:4      | Gained mutation: You have a tail ending in a sharp stinger.
                  | [demonic ancestry]
  3457 | D:4      | Reached XP level 6. HP: 47/47 MP: 6/6
  3467 | Ossuary  | Entered an ossuary
  3467 | Ossuary  | Noticed a wraith
  3467 | Ossuary  | Noticed a wraith
  3467 | Ossuary  | Noticed a wraith
  3652 | Ossuary  | Reached skill level 6 in Maces & Flails
  3749 | Ossuary  | Noticed a wraith
  3775 | Ossuary  | Killed a wraith
  4350 | D:4      | Reached skill level 7 in Maces & Flails
  4385 | D:4      | Reached XP level 7. HP: 52/52 MP: 7/7
  4473 | D:4      | Found a basalt altar of Yredelemnul.
  4642 | D:4      | Reached skill level 8 in Maces & Flails
  4712 | D:5      | Entered Level 5 of the Dungeon
  4746 | D:5      | Identified the +1 mace of the Radish {vamp, rPois}
  4922 | D:5      | Reached XP level 8. HP: 43/58 MP: 5/8
  4992 | D:5      | Found a shadowy altar of Dithmenos.
  5018 | D:5      | Noticed Pikel
  5032 | D:5      | HP: 28/58 [Pikel/bolt of light (7)]
  5041 | D:5      | HP: 29/58 [Pikel/+0 whip of flaming (1)]
  5042 | D:5      | HP: 11/58 [Pikel/bolt of light (19)]
  5045 | D:5      | Killed Pikel
  5046 | D:5      | Reached skill level 10 in Maces & Flails
  5243 | D:5      | Noticed Bediveer's ghost (weakling OgWr)
  5246 | D:5      | Found a one-way gate to the infinite horrors of the Abyss.
  5250 | D:5      | Found a transporter.
  5331 | D:5      | Found a transporter.
  5341 | D:5      | Found the +8 demon trident "Rift" {distort, reach+}
  5512 | D:6      | Found a staircase to the Ecumenical Temple.
  5638 | D:6      | Reached skill level 11 in Maces & Flails
  5638 | D:6      | Reached XP level 9. HP: 43/63 MP: 6/9
  6221 | D:6      | Reached skill level 1 in Dodging
  6543 | D:7      | HP: 31/64 [poisoned by a killer bee]
  6559 | D:7      | HP: 23/65 [orc priest/divine providence (14)]
  6562 | D:7      | HP: 11/65 [killer bee (7)]
  6566 | D:7      | Reached skill level 2 in Dodging
  6568 | D:7      | HP: 7/65 [killer bee (4)]
  6586 | D:7      | Reached skill level 4 in Fighting
  6589 | D:7      | HP: 23/65 [killer bee (5)]
  6594 | D:7      | HP: 24/65 [poisoned by a killer bee]
  6865 | D:7      | HP: 26/66 [hornet (11)]
  6870 | D:7      | Reached skill level 3 in Dodging
  6870 | D:7      | HP: 24/67 [poisoned by a hornet]
  7158 | D:6      | Reached skill level 5 in Fighting
  7690 | D:8      | Reached skill level 4 in Dodging
  7851 | D:8      | Gained mutation: When seriously injured, your blood forms
                  | armour. (AC +0) [demonic ancestry]
  7851 | D:8      | Reached XP level 10. HP: 76/76 MP: 10/10
  7858 | D:8      | HP: 36/76 [lava snake/glob of lava (15)]
  8065 | D:8      | HP: 36/76 [sky beast (6)]
  8070 | D:8      | HP: 37/76 [sky beast (5)]
  8076 | D:8      | HP: 31/76 [orc/+0 flail (6)]
  8078 | D:8      | Reached skill level 6 in Fighting
  8255 | D:8      | Found a blossoming altar of Fedhas.
  8255 | D:8      | Found a hide-covered altar of Uskayaw.
  8255 | D:8      | Found a shimmering blue altar of Sif Muna.
  8259 | D:8      | Found an ancient bone altar of Kikubaaqudgha.
  8260 | D:8      | Found a sacrificial altar of Ru.
  8262 | D:8      | Found a broken altar of Ashenzari.
  8263 | D:8      | Found a radiant altar of Vehumet.
  8265 | D:8      | Found a sparkling altar of Nemelex Xobeh.
  8269 | D:8      | Became a worshipper of Kikubaaqudgha
  8276 | D:8      | Found a hazy altar of Hepliaklqana.
  8318 | D:8      | HP: 31/76 [orc priest/divine providence (10)]
  8328 | D:8      | HP: 23/76 [orc priest/nerve-wracking pain (9)]
  8666 | D:8      | Paralysed by a hornet for 2 turns
  8682 | D:8      | Reached skill level 5 in Dodging
  9242 | D:9      | Noticed Maurice
  9410 | D:9      | Maurice changed into Maurice the cane toad
  9410 | D:9      | Noticed Maurice
  9417 | D:9      | HP: 26/74 [Maurice the cane toad (15)]
  9422 | D:9      | HP: 21/74 [poisoned by Maurice]
  9423 | D:9      | Killed Maurice the cane toad
  9431 | D:9      | Reached skill level 7 in Fighting
  9438 | D:9      | HP: 28/79 [steam dragon/ball of steam (6)]
  9520 | D:9      | Reached skill level 6 in Dodging
  9567 | D:9      | Reached * piety under Kikubaaqudgha
  9567 | D:9      | Received a gift from Kikubaaqudgha
 10125 | D:9      | Reached skill level 1 in Necromancy
 10149 | D:9      | Reached skill level 3 in Armour
 10164 | D:9      | Reached skill level 8 in Fighting
 10164 | D:9      | Reached skill level 3 in Shields
 10319 | D:10     | Entered Level 10 of the Dungeon
 10390 | D:10     | Found a flagged portal.
 10405 | Bailey   | Entered a bailey
 10704 | Bailey   | Reached skill level 2 in Necromancy
 10707 | Bailey   | Noticed a gargoyle
 10727 | Bailey   | Killed a gargoyle
 10728 | Bailey   | Gained mutation: When seriously injured, your blood forms
                  | thick armour. (AC +0) [demonic ancestry]
 10728 | Bailey   | Reached XP level 11. HP: 50/86 MP: 7/11
 10836 | Bailey   | Reached ** piety under Kikubaaqudgha
 11421 | D:10     | Reached skill level 12 in Maces & Flails
 11443 | D:10     | Reached skill level 3 in Necromancy
 11512 | D:10     | Found a bloodstained altar of Trog.
 11531 | D:10     | Found a runed translucent door.
 11536 | D:10     | Found a hide-covered altar of Uskayaw.
 11554 | D:10     | Found an ornate altar of the Wu Jian Council.
 11573 | D:10     | Reached skill level 4 in Armour
 11576 | D:10     | Reached *** piety under Kikubaaqudgha
 11576 | D:10     | Received a gift from Kikubaaqudgha
 11637 | D:10     | Reached skill level 4 in Shields
 11678 | D:10     | Found a radiant altar of Vehumet.
 11740 | D:10     | Noticed a flayed ghost
 11792 | D:10     | Found an iron altar of Okawaru.
 11832 | D:10     | Found a hazy altar of Hepliaklqana.
 11847 | D:10     | Reached **** piety under Kikubaaqudgha
 11952 | D:10     | Reached skill level 4 in Necromancy
 12558 | D:10     | HP: 43/87 [vampire/vampiric draining (7)]
 12561 | D:10     | Reached skill level 9 in Fighting
 12777 | D:10     | Noticed a two-headed ogre
 12793 | D:10     | Killed a two-headed ogre
 12794 | D:10     | Reached skill level 5 in Armour
 13021 | D:10     | HP: 36/89 [flayed ghost/flay_damage (10)]
 13025 | D:10     | Killed a flayed ghost
 13026 | D:10     | Reached skill level 5 in Shields
 13026 | D:10     | Reached skill level 5 in Necromancy
 13371 | D:11     | Found a staircase to the Orcish Mines.
 13395 | D:11     | Noticed Urug
 13408 | D:11     | Killed Urug
 13564 | D:11     | Found a staircase to the Lair.
 13675 | D:11     | Noticed a two-headed ogre
 13706 | D:11     | Killed a two-headed ogre
 13707 | D:11     | Gained mutation: A meltable icy envelope protects you from
                  | harm. (AC +8) [demonic ancestry]
 13707 | D:11     | Reached XP level 12. HP: 68/96 MP: 8/12
 13792 | D:11     | Identified the +6 halberd "X" {speed, Int+6}
 14115 | D:12     | Reached skill level 6 in Necromancy
 14265 | D:12     | Reached skill level 6 in Armour
 14396 | D:12     | Reached skill level 6 in Shields
 14722 | D:12     | Noticed Snorg
 14744 | D:12     | Killed Snorg
 14954 | D:12     | Noticed a seven-headed hydra
 14970 | D:12     | HP: 35/97 [/a scroll of torment (24)]
 14971 | D:12     | Killed a seven-headed hydra
 14972 | D:12     | Reached skill level 10 in Fighting
 15165 | D:12     | Found Paruzxuz's Antique Weapon Shop.
 15170 | D:12     | Bought a brightly glowing flail for 348 gold pieces
 15170 | D:12     | Identified the +8 flail "Tace" {drain, rC+} (You bought it
                  | in a shop on level 12 of the Dungeon)
 15296 | D:13     | Found a frozen archway.
 15332 | D:13     | Noticed a two-headed ogre
 15333 | D:13     | Noticed a two-headed ogre
 15333 | D:13     | Noticed a two-headed ogre
 15334 | D:13     | Found a transporter.
 15334 | D:13     | Noticed LnG's ghost (journeyman KoSu)
 15335 | D:13     | Noticed a two-headed ogre
 15338 | D:13     | Noticed a two-headed ogre
 15365 | IceCv    | Entered an ice cave
 15383 | IceCv    | Identified a scroll of acquirement
 15388 | IceCv    | Acquired a manual of Dodging
 15408 | IceCv    | Reached ***** piety under Kikubaaqudgha
 15548 | IceCv    | Reached skill level 7 in Necromancy
 15551 | IceCv    | HP: 40/97 [slime creature (11)]
 15841 | IceCv    | Reached skill level 7 in Dodging
 16198 | IceCv    | Noticed a quicksilver ooze
 16212 | IceCv    | Killed a quicksilver ooze
 16213 | IceCv    | Reached skill level 7 in Armour
 16318 | IceCv    | HP: 47/98 [glowing shapeshifter simulacrum (6)]
 16512 | IceCv    | Reached skill level 7 in Shields
 16586 | IceCv    | Found a viscous altar of Jiyva.
 16586 | IceCv    | Noticed an azure jelly
 16606 | IceCv    | Killed an azure jelly
 16607 | IceCv    | Reached skill level 8 in Dodging
 16653 | IceCv    | Noticed an azure jelly
 16666 | IceCv    | Killed an azure jelly
 16699 | IceCv    | Identified the +9 ice dragon scales "Piahoa" {rElec rF-
                  | rC++ MP+9 Str-5}
 16702 | IceCv    | Identified the +1 robe "Restelah" {Dex+4}
 16704 | IceCv    | Got the ring "Coerchoc" {Ice rPois rN+ Int+2}
 16888 | D:13     | Noticed a centaur warrior
 16903 | D:13     | Killed a centaur warrior
 16904 | D:13     | Reached XP level 13. HP: 91/104 MP: 11/13
 17085 | D:13     | Found a transporter.
 17543 | D:14     | Found a gate to the Vaults.
 17582 | D:13     | HP: 51/105 [vault guard/+0 battleaxe (6)]
 17608 | D:13     | Reached skill level 11 in Fighting
 17786 | D:14     | HP: 52/106 [poisoned by a vault guard]
 17791 | D:14     | HP: 48/106 [poisoned by a vault guard]
 17872 | D:13     | Reached skill level 9 in Dodging
 18079 | D:14     | HP: 41/106 [meliai/divine providence (13)]
 18083 | D:14     | HP: 13/106 [meliai/divine providence (10)]
 18475 | D:14     | Reached skill level 8 in Armour
 18505 | D:14     | Reached skill level 8 in Shields
 18682 | D:14     | Reached skill level 10 in Dodging
 18704 | D:14     | Reached skill level 13 in Maces & Flails
 18713 | D:14     | Identified the +2 robe "Nefyusea" {Int+3 Dex+4}
 19038 | D:15     | Entered Level 15 of the Dungeon
 19126 | D:15     | Reached skill level 12 in Fighting
 19137 | D:15     | Reached skill level 11 in Dodging
 19431 | D:15     | Reached XP level 14. HP: 109/115 MP: 12/14
 19739 | D:15     | Reached skill level 12 in Dodging
 19919 | D:15     | Reached ****** piety under Kikubaaqudgha
 20104 | D:15     | Found a staircase to the Depths.
 20104 | D:15     | Noticed a stone giant
 20115 | D:15     | Killed a stone giant
 20116 | D:15     | Reached skill level 14 in Maces & Flails
 20416 | Orc:1    | Entered Level 1 of the Orcish Mines
 20447 | Orc:1    | Reached skill level 13 in Dodging
 20665 | Orc:1    | HP: 49/115 [orc priest/divine providence (10)]
 20670 | Orc:1    | HP: 43/115 [poisoned by an orc wizard]
 20675 | Orc:1    | HP: 33/115 [poisoned by an orc wizard]
 20680 | Orc:1    | HP: 30/115 [poisoned by an orc wizard]
 21124 | Orc:2    | Entered Level 2 of the Orcish Mines
 21258 | Orc:2    | Found Rolel's Assorted Antiques.
 21376 | Orc:2    | Found a staircase to the Elven Halls.
 21507 | Orc:2    | Found Uhen's Book Shoppe.
 21629 | Orc:2    | Reached skill level 14 in Dodging
 21734 | Orc:2    | Found a dark tunnel.
 21742 | Volcano  | Entered a volcano
 22115 | Volcano  | Found a bloodstained altar of Trog.
 22135 | Volcano  | Reached skill level 15 in Maces & Flails
 22735 | Orc:2    | Found Zelaamy's Distillery.
 22736 | Orc:2    | Found Nadaebuli's Weapon Boutique.
 22745 | Orc:2    | Reached XP level 15. HP: 120/120 MP: 15/15
 22755 | Orc:2    | Found Vaemyme's Distillery.
 22764 | Orc:2    | Found Xetrunt's Book Shop.
 22844 | Orc:2    | Found Nitiem's Antique Armour Emporium.
 22874 | Orc:2    | Found Xusmiphe's Weapon Shoppe.
 23073 | Orc:2    | Bought a scroll of enchant weapon for 195 gold pieces
 23127 | Lair:1   | Entered Level 1 of the Lair of Beasts
 23534 | Orc:2    | Bought a manual of Fighting for 1200 gold pieces
 23741 | Lair:1   | Noticed Amaemon
 23746 | Lair:1   | Killed Amaemon
 24024 | Lair:2   | Reached skill level 15 in Dodging
 24226 | Lair:2   | Noticed Erica
 24237 | Lair:2   | Killed Erica
 24766 | Lair:3   | Noticed Gastronok
 24789 | Lair:3   | Reached skill level 16 in Maces & Flails
 24797 | Lair:3   | HP: 59/120 [poisoned by a cane toad]
 24802 | Lair:2   | HP: 55/120 [poisoned by a cane toad]
 24985 | Lair:3   | Found a staircase to the Shoals.
 25097 | Lair:3   | Killed Gastronok
 25200 | Lair:3   | Identified the +5 shortbow of Ryugh {flame, rN+}
 25375 | Lair:3   | Found a staircase to the Snake Pit.
 25782 | Snake:1  | Entered Level 1 of the Snake Pit
 25789 | Lair:3   | HP: 61/122 [poisoned by a naga sharpshooter (splash of
                  | poison)]
 25794 | Lair:3   | HP: 55/122 [poisoned by a naga (splash of poison)]
 26424 | Snake:1  | HP: 58/122 [naga sharpshooter/arrow (9)]
 26429 | Snake:1  | HP: 50/122 [naga sharpshooter/arrow (6)]
 26434 | Snake:1  | HP: 47/122 [poisoned by a naga sharpshooter (splash of
                  | poison)]
 26852 | Snake:1  | HP: 61/122 [poisoned by a naga ritualist (toxic radiance)]
 26856 | Snake:1  | Reached skill level 13 in Fighting
 26858 | Snake:1  | HP: 42/123 [naga/+0 trident (11)]
 26863 | Snake:1  | HP: 37/123 [poisoned by a naga (splash of poison)]
 26868 | Snake:1  | HP: 34/123 [poisoned by a naga (splash of poison)]
 26885 | Snake:1  | HP: 35/123 [black mamba[a naga ritualist] (4)]
 27552 | Snake:1  | Reached skill level 9 in Shields
 27555 | Snake:1  | Reached skill level 9 in Armour
 28609 | Snake:2  | Found Varuuh's Book Shoppe.
 28609 | Snake:2  | Found Huprizud's Jewellery Boutique.
 28610 | Snake:2  | Found Qeph's Jewellery Boutique.
 28647 | Snake:2  | Reached skill level 14 in Fighting
 28792 | Snake:2  | HP: 57/126 [naga warrior/+0 trident (10)]
 29182 | Snake:2  | Found Losuseng's Assorted Antiques.
 29188 | Snake:2  | Gained mutation: You have a sharp stinger which inflicts
                  | weakening toxins. [demonic ancestry]
 29188 | Snake:2  | Reached XP level 16. HP: 133/133 MP: 16/16
 29191 | Snake:2  | Bought a pair of embroidered boots for 262 gold pieces
 29970 | Snake:3  | Noticed Vashnia
 30021 | Snake:3  | HP: 65/134 [naga sharpshooter/bolt[Vashnia] (11)]
 30212 | Snake:2  | HP: 61/134 [salamander/+4 glaive (16)]
 30217 | Snake:2  | HP: 43/134 [poisoned by a naga (splash of poison)]
 30226 | Snake:2  | HP: 41/134 [poisoned by a naga warrior (splash of poison)]
 30231 | Snake:2  | HP: 37/134 [poisoned by a naga warrior (splash of poison)]
 30548 | Snake:2  | Reached skill level 10 in Shields
 30576 | Snake:2  | HP: 67/134 [shock serpent/bolt of electricity (5)]
 30578 | Snake:2  | Reached skill level 10 in Armour
 30582 | Snake:2  | HP: 64/134 [poisoned by a naga warrior (splash of poison)]
 30587 | Snake:2  | HP: 49/134 [poisoned by a naga warrior (splash of poison)]
 30592 | Snake:2  | HP: 47/134 [poisoned by a naga warrior (splash of poison)]
 30933 | Snake:2  | Reached skill level 15 in Fighting
 32849 | Snake:3  | Reached skill level 16 in Fighting
 33164 | Snake:3  | HP: 68/138 [naga sharpshooter/bolt[Vashnia] (8)]
 33360 | Snake:3  | HP: 60/138 [Vashnia/arrow (23)]
 34187 | Snake:3  | Killed Vashnia
 34399 | Snake:3  | Reached skill level 11 in Shields
 34411 | Snake:3  | Reached skill level 11 in Armour
 34560 | Snake:3  | Found Udadesko's Assorted Antiques.
 34676 | Snake:4  | Entered Level 4 of the Snake Pit
 34734 | Snake:4  | Learned a level 6 spell: Death Channel
 35991 | Snake:3  | HP: 65/140 [poisoned by a naga ritualist (toxic radiance)]
 35996 | Snake:3  | HP: 61/140 [poisoned by a naga ritualist (splash of
                  | poison)]
 36001 | Snake:3  | HP: 38/140 [poisoned by a naga ritualist (toxic radiance)]
 36006 | Snake:3  | HP: 30/140 [poisoned by a naga ritualist (toxic radiance)]
 36278 | Snake:4  | Reached skill level 17 in Fighting
 36350 | Snake:4  | Gained mutation: Your magical and physical power is
                  | slightly enhanced at high health. [demonic ancestry]
 36350 | Snake:4  | Reached XP level 17. HP: 147/147 MP: 17/17
 36407 | Snake:4  | HP: 71/147 [poisoned by a naga mage (bolt of poison)]
 36412 | Snake:4  | HP: 60/147 [poisoned by a naga mage (bolt of poison)]
 36417 | Snake:4  | HP: 57/147 [poisoned by a naga mage (bolt of poison)]
 36677 | Snake:4  | Got a serpentine rune of Zot
 37716 | Lair:4   | Found a viscous altar of Jiyva.
 37716 | Lair:4   | Found a staircase to the Slime Pits.
 38018 | Lair:5   | Entered Level 5 of the Lair of Beasts
 38235 | Lair:5   | Reached skill level 12 in Shields
 38321 | Lair:5   | Reached skill level 12 in Armour
 38363 | Lair:5   | HP: 71/149 [poisoned by a cane toad]
 38368 | Lair:5   | HP: 57/149 [poisoned by a cane toad]
 38373 | Lair:5   | HP: 53/149 [poisoned by a cane toad]
 39148 | Lair:5   | Reached skill level 18 in Fighting
 39906 | Shoals:1 | Entered Level 1 of the Shoals
 40697 | Shoals:1 | HP: 68/149 [merfolk javelineer/javelin (11)]
 40700 | Shoals:1 | HP: 31/149 [poisoned by a merfolk javelineer]
 40705 | Shoals:1 | HP: 42/149 [poisoned by a merfolk javelineer]
 40710 | Shoals:1 | HP: 32/149 [poisoned by a merfolk javelineer]
 40732 | Shoals:1 | HP: 41/149 [merfolk javelineer/silver javelin (1)]
 41007 | Shoals:1 | Reached skill level 13 in Shields
 41088 | Shoals:1 | Reached skill level 13 in Armour
 41356 | Shoals:2 | Noticed Polyphemus
 41389 | Shoals:2 | Killed Polyphemus
 41745 | Shoals:2 | Noticed Louise
 41769 | Shoals:2 | Killed Louise
 41823 | Shoals:2 | Noticed Ilsuiw
 41836 | Shoals:2 | Killed Ilsuiw
 41847 | Shoals:2 | Gained mutation: A powerful demonic guardian rushes to your
                  | aid. [demonic ancestry]
 41847 | Shoals:2 | Reached XP level 18. HP: 83/157 MP: 17/18
 41849 | Shoals:2 | HP: 75/157 [faun/sling bullet[a satyr] (9)]
 41851 | Shoals:2 | Found Unur's Antique Armour Emporium.
 41856 | Shoals:2 | HP: 72/157 [faun/sling bullet[a satyr] (7)]
 41864 | Shoals:2 | HP: 68/157 [faun/+0 club[a satyr] (4)]
 41874 | Shoals:2 | HP: 65/157 [faun/+0 club[a satyr] (6)]
 43263 | Shoals:3 | Found a runed translucent door.
 43264 | Shoals:3 | Noticed ystael's ghost (adept MiFi)
 43265 | Shoals:3 | Found the macabre finger necklace {rN+}
 43837 | Shoals:4 | Entered Level 4 of the Shoals
 43840 | Shoals:4 | Reached skill level 14 in Shields
 43848 | Shoals:4 | Reached skill level 14 in Armour
 43874 | Shoals:4 | HP: 73/157 [faun/+0 spear[a satyr] (20)]
 43884 | Shoals:4 | HP: 74/157 [merfolk javelineer/+0 spear (3)]
 43889 | Shoals:4 | HP: 50/157 [wind drake/the air (1)]
 44247 | Shoals:4 | HP: 73/157 [barbs]
 44486 | Shoals:4 | Paralysed by an air elemental for 1 turns
 44579 | Shoals:4 | HP: 77/157 [poisoned by a merfolk impaler]
 44584 | Shoals:4 | HP: 36/157 [drowned by a water elemental (8)]
 44591 | Shoals:4 | HP: 25/157 [manticore/volley of spikes (2)]
 44597 | Shoals:4 | HP: 39/157 [merfolk impaler/+1 trident of protection (9)]
 44608 | Shoals:4 | HP: 30/157 [merfolk/+0 trident[a merfolk impaler] (11)]
 45142 | Shoals:4 | Paralysed by an air elemental for 1 turns
 45195 | Shoals:4 | Identified the +4 rapier of the Usurping Butterfly {vorpal,
                  | Fragile Int+4}
 45202 | Shoals:4 | Identified the +2 great mace of Tenacity {flame, Will+
                  | MP+9}
 45248 | Shoals:4 | Got a barnacled rune of Zot
 45374 | Shoals:4 | Identified a +6 demon whip of pain (a +4 demon whip of
                  | freezing bloodied by Kikubaaqudgha)
 45374 | Shoals:4 | Received a gift from Kikubaaqudgha
 45583 | Shoals:4 | HP: 68/157 [merfolk/+0 spear[a merfolk impaler] (11)]
 45922 | Shoals:4 | Reached skill level 15 in Shields
 45999 | Shoals:4 | Reached skill level 15 in Armour
 46082 | Shoals:4 | Reached skill level 1 in Spellcasting
 46212 | Shoals:4 | Paralysed by an air elemental for 1 turns
 46214 | Shoals:4 | Paralysed by an air elemental for 1 turns
 46538 | Shoals:1 | Reached skill level 2 in Spellcasting
 46708 | Vaults:1 | Entered Level 1 of the Vaults
 46719 | Vaults:1 | Learned a level 9 spell: Death's Door
 46848 | Vaults:1 | HP: 59/138 [vault guard/+0 bardiche (33)]
 46856 | Vaults:1 | Reached skill level 8 in Necromancy
 46858 | Vaults:1 | Reached skill level 3 in Spellcasting
 47555 | Vaults:1 | Found Seship's Assorted Antiques.
 47782 | Vaults:1 | Gained mutation: A meltable icy envelope protects you from
                  | harm. (AC +8) [demonic ancestry]
 47782 | Vaults:1 | Reached XP level 19. HP: 123/156 MP: 18/24
 47878 | Vaults:1 | Reached skill level 4 in Spellcasting
 47892 | Vaults:1 | HP: 78/160 [vault warden/+3 war axe of flaming (13)]
 47900 | Vaults:1 | Reached skill level 9 in Necromancy
 47903 | Vaults:1 | HP: 81/163 [poisoned by a vault warden]
 48197 | Vaults:1 | Learned a level 8 spell: Necromutation
 48407 | Vaults:1 | Identified the ring "Qioll" {rPois Int+4}
 48642 | Vaults:2 | Reached skill level 5 in Spellcasting
 48746 | Vaults:2 | HP: 76/163 [vampire mage/vampiric draining (15)]
 48751 | Vaults:2 | HP: 73/163 [ironbound preserver/+0 dire flail (3)]
 48761 | Vaults:2 | HP: 66/163 [sphinx/divine providence (11)]
 48774 | Vaults:2 | HP: 70/163 [sphinx (1)]
 48781 | Vaults:2 | HP: 69/163 [phantasmal warrior (4)]
 49033 | Vaults:2 | Reached skill level 10 in Necromancy
 49203 | Vaults:2 | Reached skill level 6 in Spellcasting
 49296 | Vaults:2 | HP: 74/163 [deep elf high priest/divine providence (12)]
 49667 | Vaults:2 | Found Alen's Weapon Emporium.
 49667 | Vaults:2 | Found Qaig's Antique Weapon Shoppe.
 49873 | Vaults:2 | Found Odasm's Weapon Shop.
 49963 | Vaults:2 | Reached skill level 7 in Spellcasting
 49963 | Vaults:2 | Reached skill level 11 in Necromancy
 50130 | Vaults:2 | HP: 81/163 [poisoned by a green ugly thing]
 50135 | Vaults:2 | HP: 73/163 [poisoned by a green ugly thing]
 50358 | Vaults:2 | Found a staircase to the Crypt.
 50503 | Vaults:2 | Noticed Boris
 50543 | Vaults:1 | Learned a level 4 spell: Dispel Undead
 50554 | Vaults:2 | Killed Boris
 50694 | Vaults:2 | Reached skill level 8 in Spellcasting
 50899 | Vaults:2 | Reached skill level 12 in Necromancy
 51596 | Vaults:3 | HP: 68/163 [phantasmal warrior (16)]
 51847 | Vaults:3 | Reached skill level 9 in Spellcasting
 52044 | Vaults:3 | Reached XP level 20. HP: 103/169 MP: 21/33
 52057 | Vaults:3 | HP: 78/170 [vault warden skeleton[a necromancer] (13)]
 52138 | Vaults:3 | Reached skill level 13 in Necromancy
 53351 | Vaults:3 | Reached skill level 10 in Spellcasting
 53477 | Vaults:3 | Found Hovvia's Antique Armour Emporium.
 53625 | Vaults:4 | Reached skill level 14 in Necromancy
 53676 | Vaults:4 | Found Wuimir's Book Shop.
 53827 | Vaults:4 | Noticed Boris
 53944 | Vaults:3 | Killed Boris
 54102 | Vaults:4 | Reached skill level 15 in Necromancy
 54391 | Vaults:4 | Found Osimecve's Assorted Antiques.
 54596 | Vaults:4 | Found Atomm's Assorted Antiques.
 54626 | Vaults:4 | Found Zusuluo's Armour Shoppe.
 54644 | Vaults:4 | Bought the +2 pair of boots of Impressiveness {Int+2} for
                  | 257 gold pieces
 54704 | Vaults:4 | Reached skill level 16 in Necromancy
 54706 | Vaults:4 | HP: 74/170 [deep troll[an ironbound preserver] (16)]
 54726 | Vaults:4 | HP: 63/170 [deep troll[an ironbound preserver] (19)]
 55388 | Vaults:4 | Found Emyesuec's Antique Weapon Boutique.
 55676 | Elf:1    | Entered Level 1 of the Elven Halls
 56109 | Elf:1    | Reached skill level 17 in Necromancy
 57475 | Elf:2    | Found a runed translucent gate.
 57476 | Elf:2    | Found a runed translucent gate.
 57476 | Elf:2    | Found a runed translucent gate.
 57521 | Elf:2    | Reached skill level 18 in Necromancy
 57631 | Elf:2    | Noticed Roxanne
 57644 | Elf:2    | Killed Roxanne
 57763 | Elf:2    | Reached XP level 21. HP: 177/177 MP: 35/35
 57887 | Elf:2    | Noticed Aizul
 57894 | Elf:2    | HP: 88/177 [poisoned by a +0 trident of venom]
 57899 | Elf:2    | HP: 38/177 [poisoned by a +0 trident of venom]
 57904 | Elf:2    | HP: 21/177 [poisoned by a +0 trident of venom]
 57909 | Elf:2    | HP: 16/177 [poisoned by a +0 trident of venom]
 58294 | Elf:2    | Killed Aizul
 58605 | Elf:1    | HP: 88/177 [poisoned by a +0 glaive of venom]
 58992 | Elf:2    | HP: 88/177 [deep elf pyromancer/+4 long sword (8)]
 59272 | Elf:2    | HP: 88/177 [poisoned by a +5 trident of venom]
 59277 | Elf:2    | HP: 84/177 [poisoned by a +5 trident of venom]
 59282 | Elf:2    | Reached skill level 19 in Necromancy
 59696 | Elf:3    | Entered Level 3 of the Elven Halls
 59806 | Abyss:3  | Cast into level 3 of the Abyss (a deep elf sorcerer)
 59846 | Abyss:3  | Found a corrupted altar of Lugonu.
 59906 | Abyss:3  | Noticed an ancient lich
 60131 | Abyss:3  | Found a corrupted altar of Lugonu.
 60207 | Abyss:3  | HP: 88/177 [hell hog/fireball (30)]
 60240 | Abyss:3  | HP: 83/177 [smoke demon/divine providence (7)]
 60241 | Abyss:3  | Found a corrupted altar of Lugonu.
 60252 | Abyss:3  | HP: 73/177 [smoke demon/divine providence (10)]
 60400 | Abyss:3  | Found a transporter.
 60446 | Abyss:3  | HP: 67/177 [yellow draconian annihilator/poison arrow (31)]
 60454 | Abyss:3  | HP: 86/177 [acid (8)]
 60498 | Abyss:3  | HP: 87/177 [starcursed mass/accursed screaming (9)]
 60503 | Abyss:3  | Reached skill level 20 in Necromancy
 60507 | Abyss:3  | HP: 72/177 [starcursed mass/accursed screaming (18)]
 60509 | Abyss:3  | Found a transporter.
 60510 | Abyss:3  | Got an abyssal rune of Zot
 60512 | Abyss:3  | HP: 70/177 [starcursed mass/accursed screaming (4)]
 60518 | Abyss:3  | HP: 67/177 [starcursed mass/accursed screaming (6)]
 60527 | Abyss:3  | HP: 44/177 [red draconian scorcher/damnation (20)]
 60532 | Abyss:3  | Noticed an ancient lich
 60536 | Abyss:3  | HP: 69/177 [starcursed mass/accursed screaming (5)]
 60603 | Elf:3    | Escaped the Abyss
 60797 | Elf:3    | Found Deseev's Magic Scroll Emporium.
 60802 | Elf:3    | Bought a scroll of teleportation for 51 gold pieces
 60836 | Elf:3    | HP: 88/177 [poisoned by something (dark miasma)]
 60841 | Elf:3    | HP: 60/177 [poisoned by something (dark miasma)]
 60846 | Elf:3    | HP: 49/177 [poisoned by something (dark miasma)]
 60851 | Elf:2    | HP: 46/177 [poisoned by something (dark miasma)]
 61260 | Elf:3    | Identified the +7 quarterstaff "Cefuaci" {vorpal, rF+}
 62342 | Elf:3    | Identified the ring "Ettiuf" {Ice rN+ Int+4}
 62425 | Elf:3    | Reached skill level 21 in Necromancy
 62477 | Abyss:3  | Cast into level 3 of the Abyss (a deep elf sorcerer)
 62495 | Elf:3    | Escaped the Abyss
 62549 | Elf:3    | Identified the +9 scimitar of the Four Lovers {protect,
                  | Dex+2}
 62571 | Abyss:3  | Cast into level 3 of the Abyss (a deep elf sorcerer)
 62625 | Elf:3    | Escaped the Abyss
 62673 | Elf:3    | Learned a level 8 spell: Infestation
 62753 | Elf:3    | Identified the +1 plate armour of Beloved Awe {rF+ rC++
                  | Str+4 Slay-2}
 62837 | Elf:3    | Identified the +4 morningstar "Vill" {speed, Will+}
 63059 | Elf:3    | Identified the +1 rapier "Site Enu" {holy, rN++ Dex-4}
 63433 | Elf:3    | HP: 71/177 [deep elf death mage/vampiric draining (24)]
 63462 | Elf:3    | HP: 62/177 [??? (34)]
 63471 | Elf:3    | HP: 63/177 [phantasmal warrior (2)]
 63479 | Elf:3    | HP: 51/177 [??? (15)]
 63759 | Elf:3    | HP: 76/177 [flayed ghost/flay_damage (24)]
 63766 | Elf:3    | Paralysed by a vampire knight for 5 turns
 63767 | Elf:3    | HP: 76/177 [ghoul (4)]
 63883 | Elf:3    | Paralysed by a vampire knight for 4 turns
 64012 | Elf:3    | HP: 69/177 [flayed ghost/flay_damage (21)]
 64244 | Orc:2    | Bought a potion of heal wounds for 70 gold pieces
 64244 | Orc:2    | Bought a potion of heal wounds for 70 gold pieces
 64272 | Orc:2    | Bought a scroll of teleportation for 78 gold pieces
 64306 | Orc:2    | Bought a potion of heal wounds for 85 gold pieces
 64646 | Vaults:4 | Bought 2 potions of heal wounds for 280 gold pieces
 64646 | Vaults:4 | Bought a scroll of teleportation for 84 gold pieces
 65263 | Depths:1 | Entered Level 1 of the Depths
 65263 | Depths:1 | Noticed Boris
 65570 | Depths:1 | Killed Boris
 65628 | Depths:1 | Reached skill level 22 in Necromancy
 65815 | Depths:1 | Gained mutation: When seriously injured, your blood forms
                  | very thick armour. (AC +0) [demonic ancestry]
 65815 | Depths:1 | Reached XP level 22. HP: 155/184 MP: 36/36
 66360 | Depths:1 | Noticed a juggernaut
 66476 | Depths:1 | Reached skill level 23 in Necromancy
 66802 | Depths:1 | Found an opulent altar of Gozag.
 67004 | Depths:1 | Killed a juggernaut
 67153 | Depths:1 | Identified the +4 shortbow of the Sugar Beet {freeze, rF+
                  | rCorr Dex+2}
 67153 | Depths:1 | Identified the ring "Qagirix" {Wiz rF+ rC- rCorr Int+4}
 67162 | Depths:1 | Noticed a juggernaut
 67192 | Depths:1 | Killed a juggernaut
 67487 | Depths:1 | Found a gateway to Hell.
 67511 | Depths:1 | Noticed Sojobo
 67544 | Depths:1 | Paralysed by an air elemental for 1 turns
 67551 | Depths:1 | Paralysed by an air elemental for 1 turns
 67559 | Depths:1 | Paralysed by an air elemental for 1 turns
 67566 | Depths:1 | Paralysed by an air elemental for 1 turns
 67575 | Depths:1 | Paralysed by an air elemental for 1 turns
 67592 | Depths:1 | Killed Sojobo
 67593 | Depths:1 | Reached skill level 24 in Necromancy
 68085 | Depths:1 | HP: 90/184 [poisoned by a green very ugly thing]
 68090 | Depths:1 | HP: 79/184 [poisoned by a green very ugly thing]
 68095 | Depths:1 | HP: 74/184 [poisoned by a green very ugly thing]
 68100 | Depths:1 | HP: 67/184 [poisoned by a green very ugly thing]
 68651 | Depths:2 | HP: 90/184 [titan zombie[a necromancer] (7)]
 68657 | Depths:2 | HP: 87/184 [titan zombie[a necromancer] (5)]
 68662 | Depths:2 | HP: 52/184 [titan zombie[a necromancer] (19)]
 68668 | Depths:2 | HP: 54/184 [frost giant zombie[a necromancer] (1)]
 69153 | Depths:2 | Reached skill level 25 in Necromancy
 69204 | Depths:2 | Found Raapam's Jewellery Shoppe.
 69339 | Depths:2 | Found a one-way gate leading to the halls of Pandemonium.
 69758 | Depths:2 | Noticed Nikola
 69765 | Depths:2 | HP: 84/184 [sphinx/divine providence (11)]
 69774 | Depths:2 | HP: 55/184 [Nikola/arc of chain lightning (4)]
 70460 | Depths:2 | HP: 83/166 [iron dragon (4)]
 70720 | Depths:2 | HP: 86/172 [frost giant/bolt of cold (5)]
 70725 | Depths:2 | HP: 67/174 [flayed ghost/flay_damage (20)]
 70988 | Depths:2 | Identified the +6 hand axe of Salt {protect, rElec rF-
                  | Dex-4 SInv}
 71230 | Depths:2 | Killed Nikola
 71231 | Depths:2 | Gained mutation: Your magical and physical power is
                  | enhanced at high health. [demonic ancestry]
 71231 | Depths:2 | Reached XP level 23. HP: 180/183 MP: 37/37
 71433 | Depths:2 | Reached skill level 26 in Necromancy
 71540 | Depths:2 | Noticed a juggernaut
 71553 | Depths:2 | Killed a juggernaut
 72707 | Depths:3 | Reached skill level 27 in Necromancy
 72725 | Depths:3 | Reached skill level 1 in Transmutations
 72786 | Depths:3 | Reached skill level 2 in Transmutations
 72846 | Depths:3 | Reached skill level 3 in Transmutations
 72867 | Depths:3 | Paralysed by a floating eye for 4 turns
 72882 | Depths:3 | Reached skill level 4 in Transmutations
 73155 | Depths:3 | Reached skill level 5 in Transmutations
 73378 | Depths:3 | Reached skill level 6 in Transmutations
 73384 | Depths:3 | Found a shadowy altar of Dithmenos.
 73385 | Depths:3 | Found the +2 cloak of the Thief {*Fog Slay-2 SInv Stlth+}
 73390 | Depths:3 | Identified the +5 shadow dragon scales of the Summoning
                  | Gods {rCorr Str+4 Dex-2 Stlth++++}
 73629 | Depths:4 | Entered Level 4 of the Depths
 73758 | Depths:4 | Reached skill level 7 in Transmutations
 73779 | Depths:4 | HP: 79/173 [red draconian scorcher/damnation (24)]
 74203 | Depths:4 | Found a gate to the Realm of Zot.
 74243 | Depths:4 | HP: 78/182 [fire dragon/blast of flame (16)]
 74250 | Depths:4 | HP: 70/183 [fire dragon/blast of flame (10)]
 74615 | Depths:4 | Reached skill level 8 in Transmutations
 74989 | Depths:4 | Found a one-way gateway to a ziggurat.
 75117 | Depths:4 | Reached skill level 9 in Transmutations
 75917 | Depths:4 | Learned a level 6 spell: Dispersal
 76277 | Shoals:3 | HP: 94/189 [alligator snapping turtle (11)]
 76282 | Shoals:3 | HP: 88/189 [alligator snapping turtle (1)]
 76286 | Shoals:3 | Killed ystael's ghost
 76290 | Shoals:3 | HP: 69/190 [alligator snapping turtle (11)]
 76300 | Shoals:3 | HP: 74/190 [alligator snapping turtle (1)]
 76866 | Crypt:1  | Entered Level 1 of the Crypt
 76926 | Crypt:1  | Noticed Boris
 76930 | Crypt:1  | HP: 82/185 [ghoul (16)]
 76939 | Crypt:1  | Reached skill level 10 in Transmutations
 76939 | Crypt:1  | Gained mutation: Your magical and physical power is greatly
                  | enhanced at high health. [demonic ancestry]
 76939 | Crypt:1  | Reached XP level 24. HP: 58/193 MP: 14/37
 77351 | Vaults:2 | Killed Boris
 77354 | Vaults:2 | Reached skill level 11 in Transmutations
 77354 | Vaults:2 | Reached XP level 25. HP: 181/204 MP: 22/37
 77590 | Crypt:1  | Found a transporter.
 77595 | Crypt:1  | Noticed Sobieck's ghost (veteran KoGl)
 77956 | Crypt:1  | Found a transporter.
 77964 | Crypt:1  | Noticed Jinnen's ghost (veteran MiGl)
 77988 | Crypt:1  | Noticed Hyrrirob's ghost (veteran GrEE)
 78458 | Crypt:2  | Identified the +1 leather armour "Zeilotin" {rElec rPois
                  | SInv}
 79086 | Crypt:2  | Reached skill level 11 in Spellcasting
 79510 | Crypt:3  | Entered Level 3 of the Crypt
 79643 | Crypt:3  | HP: 100/204 [ushabti/dispel undead (17)]
 79972 | Crypt:3  | HP: 96/204 [ancient champion/+3 great sword (23)]
 80191 | Crypt:3  | Noticed Boris
 80318 | Crypt:3  | Killed Boris
 80319 | Crypt:3  | Reached skill level 12 in Transmutations
 80519 | Crypt:3  | Reached skill level 16 in Shields
 80626 | Crypt:2  | Found an ancient bone altar of Kikubaaqudgha.
 80987 | Crypt:3  | Found a staircase to the Tomb.
 81093 | Crypt:3  | Noticed a royal mummy
 81104 | Crypt:3  | Killed a royal mummy
 81124 | Crypt:3  | Reached skill level 12 in Spellcasting
 81481 | Crypt:3  | Identified the ring "Recohaer" {rN+ Str-4 Int+4 Dex+2}
 81481 | Crypt:3  | Identified the ring "Wuos" {rF+ rN+ Str+4}
 81481 | Crypt:3  | Identified the ring "Epog" {rC- rN+ rCorr Str+2}
 81841 | Crypt:3  | Identified the +5 war axe of the Crafting Scorpion
                  | {antimagic, rElec rF+ rN+ Stlth-}
 81851 | Crypt:3  | Identified the ring "Bamueh" {rPois Str+3 Stlth+}
 81854 | Crypt:3  | Identified the +4 scale mail of Ewenn {rC+ Str+3 Stlth+}
 81857 | Crypt:3  | Identified the ring of Grace {rF+ rN+ Str+2 Int+4}
 82305 | Slime:1  | Entered Level 1 of the Pits of Slime
 82351 | Slime:2  | Noticed Dissolution
 82360 | Slime:2  | Paralysed by a floating eye for 4 turns
 82365 | Slime:2  | Killed Dissolution
 82366 | Slime:2  | Reached skill level 1 in Translocations
 82512 | Slime:2  | Reached skill level 2 in Translocations
 82710 | Slime:2  | Gained mutation: Your spells are a little easier to cast,
                  | but a little less powerful. [mutagenic glow]
 83057 | Slime:2  | Reached skill level 3 in Translocations
 83881 | Slime:3  | Reached skill level 4 in Translocations
 84474 | Slime:5  | Entered Level 5 of the Pits of Slime
 84526 | Slime:5  | Paralysed by a floating eye for 3 turns
 84549 | Slime:4  | HP: 86/204 [very large slime creature (36)]
 84554 | Slime:4  | Reached skill level 17 in Shields
 84555 | Slime:4  | HP: 67/204 [slime creature (5)]
 84556 | Slime:4  | Reached skill level 13 in Spellcasting
 84556 | Slime:4  | HP: 23/204 [very large slime creature (45)]
 85055 | Slime:5  | Found a viscous altar of Jiyva.
 85056 | Slime:5  | Noticed the Royal Jelly
 85074 | Slime:5  | Killed the Royal Jelly
 85075 | Slime:5  | Reached skill level 5 in Translocations
 85075 | Slime:5  | Reached XP level 26. HP: 201/211 MP: 40/40
 85090 | Slime:5  | HP: 101/211 [spore (7)]
 85101 | Slime:5  | HP: 93/211 [rockslime (10)]
 85106 | Slime:5  | HP: 92/211 [acid (2)]
 85367 | Slime:5  | Found the +12 glaive of Prune {vorpal}
 85410 | Slime:5  | Got a slimy rune of Zot
 85431 | Slime:5  | Got the Octavo of Excavation and the Stinger
 85574 | Lair:4   | Learned a level 7 spell: Haunt
 85914 | Zot:1    | Entered Level 1 of the Realm of Zot
 86178 | Zot:1    | Noticed an orb of fire
 86194 | Zot:1    | Killed an orb of fire
 86197 | Zot:1    | Reached skill level 6 in Translocations
 86206 | Zot:1    | HP: 105/211 [poisoned by something (poison gas)]
 86211 | Depths:4 | HP: 97/211 [poisoned by something (poison gas)]
 87517 | Zot:2    | Found the +4 dragonskin cloak
 87517 | Zot:2    | Noticed Tiamat
 87721 | Zot:2    | Reached skill level 7 in Translocations
 87900 | Zot:1    | HP: 82/211 [Tiamat/blast of cold (24)]
 87905 | Zot:1    | Killed Tiamat
 87906 | Zot:1    | Reached skill level 14 in Spellcasting
 87913 | Zot:1    | HP: 78/211 [storm dragon/bolt of lightning (8)]
 88469 | Zot:2    | Reached skill level 18 in Shields
 88470 | Zot:2    | HP: 101/211 [red draconian scorcher/damnation[a black
                  | draconian knight] (23)]
 88488 | Zot:1    | Reached skill level 8 in Translocations
 89367 | Zot:2    | Found a huge runed gate.
 89367 | Zot:2    | Found a huge runed gate.
 89368 | Zot:2    | Found a huge runed gate.
 89368 | Zot:2    | Found a huge runed gate.
 89369 | Zot:2    | Found a huge runed gate.
 89370 | Zot:2    | Found a huge runed gate.
 89370 | Zot:2    | Found a huge runed gate.
 89373 | Zot:2    | Found a huge runed gate.
 89374 | Zot:2    | Found a huge runed gate.
 89374 | Zot:2    | Found a huge runed gate.
 89374 | Zot:2    | Found a huge runed gate.
 89375 | Zot:2    | Found a huge runed gate.
 89441 | Zot:2    | Found a huge runed gate.
 89441 | Zot:2    | Found a huge runed gate.
 89441 | Zot:2    | Found a huge runed gate.
 89442 | Zot:2    | Found a huge runed gate.
 89442 | Zot:2    | Found a huge runed gate.
 89444 | Zot:2    | Found a huge runed gate.
 89450 | Zot:2    | Found a huge runed gate.
 89450 | Zot:2    | Found a huge runed gate.
 89451 | Zot:2    | Found a huge runed gate.
 89452 | Zot:2    | Found a huge runed gate.
 89460 | Zot:2    | Found a huge runed gate.
 89460 | Zot:2    | Found a huge runed gate.
 89460 | Zot:2    | Found a huge runed gate.
 89460 | Zot:2    | Found a huge runed gate.
 89460 | Zot:2    | Found a huge runed gate.
 89460 | Zot:2    | Found a huge runed gate.
 89461 | Zot:2    | Found a huge runed gate.
 89462 | Zot:2    | Found a huge runed gate.
 89463 | Zot:2    | Found a huge runed gate.
 89530 | Zot:2    | Found a huge runed gate.
 89531 | Zot:2    | Found a huge runed gate.
 89532 | Zot:2    | Found a huge runed gate.
 89533 | Zot:2    | Found a huge runed gate.
 89534 | Zot:2    | Found a huge runed gate.
 89801 | Zot:2    | HP: 96/211 [purple draconian/bolt of dispelling energy[a
                  | yellow draconian annihilator] (31)]
 90067 | Zot:2    | Noticed Parghit
 90099 | Zot:2    | Killed Parghit
 90754 | Zot:2    | Noticed an ancient lich
 90754 | Zot:2    | Noticed a dread lich
 90754 | Zot:2    | Noticed an ancient lich
 90754 | Zot:2    | Identified the amulet "Rizumnol" {RegenMP Will+}
 90754 | Zot:2    | Noticed an orb of fire
 90754 | Zot:2    | Noticed an orb of fire
 90755 | Zot:2    | Noticed an orb of fire
 90762 | Zot:2    | Noticed an ancient lich
 90780 | Zot:2    | HP: 101/211 [orb of fire/fireball (24)]
 90784 | Zot:2    | HP: 43/211 [orb of fire/bolt of fire (16)]
 91203 | Zot:2    | Killed an orb of fire
 91327 | Zot:2    | Killed an orb of fire
 91328 | Zot:2    | Reached skill level 9 in Translocations
 91441 | Zot:2    | Reached skill level 15 in Spellcasting
 91508 | Zot:2    | HP: 94/211 [Killer Klown/klown pie (35)]
 91518 | Zot:2    | Killed an orb of fire
 91519 | Zot:2    | HP: 89/211 [red draconian scorcher/bolt of fire (9)]
 91526 | Zot:2    | HP: 80/211 [Killer Klown/+9 club of flaming (1)]
 91532 | Zot:2    | HP: 67/211 [golden dragon (15)]
 91553 | Zot:2    | HP: 71/211 [nameless horror[miscasting Haunt] (4)]
 91593 | Zot:2    | HP: 85/211 [ancient lich/bolt of acid (7)]
 91844 | Zot:2    | Killed an ancient lich
 92029 | Zot:2    | Killed an ancient lich
 92098 | Zot:2    | Identified the +5 mace of the Valley of Death {vorpal, rF+
                  | rC++ rCorr SInv}
 92223 | Zot:3    | Reached XP level 27. HP: 141/217 MP: 42/42
 92496 | Zot:3    | HP: 102/217 [purple draconian/bolt of dispelling energy[a
                  | purple draconian shifter] (16)]
 92542 | Zot:2    | HP: 69/217 [???[a dread lich] (30)]
 92847 | Zot:2    | Killed an ancient lich
 92938 | Zot:3    | Reached skill level 10 in Translocations
 93166 | Zot:3    | HP: 87/217 [red draconian scorcher/damnation (34)]
 93167 | Zot:3    | Reached skill level 19 in Shields
 93168 | Zot:3    | HP: 35/217 [red draconian scorcher/damnation (41)]
 93502 | Zot:2    | Killed a dread lich
 93979 | Zot:3    | You fall into a shaft and drop 1 floor!
 94888 | Zot:4    | Reached skill level 16 in Spellcasting
 94892 | Zot:4    | Found the +11 plutonium sword {Contam Stlth-}
 95060 | Zot:4    | Reached skill level 11 in Translocations
 95241 | Zot:4    | Got the Almanac of Inference
 95351 | Zot:5    | Entered Level 5 of the Realm of Zot
 95608 | Zot:5    | Noticed an ancient lich
 95608 | Zot:5    | Noticed an orb of fire
 95610 | Zot:5    | Noticed an orb of fire
 95611 | Zot:5    | Gained mutation: You have hidden genetic defects. [an orb
                  | of fire]
 95612 | Zot:5    | Noticed a dread lich
 95617 | Zot:5    | Noticed a dread lich
 95626 | Zot:5    | Noticed an ancient lich
 95627 | Zot:5    | HP: 92/217 [???[a dread lich] (47)]
 95919 | Zot:5    | HP: 108/217 [Orb Guardian (21)]
 96159 | Zot:5    | Noticed an orb of fire
 96182 | Zot:5    | Killed an orb of fire
 96628 | Zot:5    | Found a runed translucent door.
 96629 | Zot:5    | Noticed Vyqe's ghost (master MfIE)
 96660 | Zot:5    | Noticed a dread lich
 96669 | Zot:5    | Killed a dread lich
 96814 | Zot:5    | Killed an orb of fire
 96842 | Zot:5    | Killed an orb of fire
 96846 | Zot:5    | Reached skill level 12 in Translocations
 97106 | Zot:5    | Noticed an orb of fire
 97107 | Zot:5    | Noticed a dread lich
 97128 | Zot:5    | Killed an orb of fire
 97129 | Zot:5    | HP: 89/217 [hellion/damnation[a dread lich] (24)]
 97130 | Zot:5    | Killed an ancient lich
 97131 | Zot:5    | Reached skill level 20 in Shields
 97138 | Zot:5    | Killed a dread lich
 97139 | Zot:5    | Reached skill level 17 in Spellcasting
 97139 | Zot:5    | HP: 65/217 [Orb Guardian (8)]
 97141 | Zot:5    | Killed a dread lich
 97729 | Zot:5    | HP: 103/217 [Killer Klown/klown pie (21)]
 97751 | Zot:5    | Killed an ancient lich
 97754 | Zot:5    | HP: 107/217 [electric golem/bolt of lightning (7)]
 97759 | Zot:5    | HP: 80/217 [electric golem/bolt of lightning (6)]
 97765 | Zot:5    | HP: 37/217 [Killer Klown/klown pie (31)]
 97778 | Zot:5    | Gained mutation: Your spells are easier to cast, but less
                  | powerful. [hidden defects]
 97778 | Zot:5    | Lost mutation: You have hidden genetic defects. [hidden
                  | defects expressed]
 98160 | Zot:4    | Lost mutation: Your spells are easier to cast, but less
                  | powerful. [potion of mutation]
 98160 | Zot:4    | Lost mutation: Your spells are a little easier to cast, but
                  | a little less powerful. [potion of mutation]
 98160 | Zot:4    | Gained mutation: You are robust. (+10% HP) [potion of
                  | mutation]
 98160 | Zot:4    | Gained mutation: Your system is resistant to poisons.
                  | (rPois) [potion of mutation]
 98281 | Zot:5    | Reached skill level 18 in Spellcasting
 98314 | Zot:5    | Noticed an ancient lich
 98321 | Zot:5    | Killed an ancient lich
 98472 | Zot:5    | Noticed an orb of fire
 98490 | Zot:5    | Killed an orb of fire
 98495 | Zot:5    | Killed a dread lich
 98500 | Zot:5    | HP: 115/238 [electric golem/bolt of lightning (9)]
 98505 | Zot:5    | HP: 111/238 [electric golem/bolt of lightning (6)]
 98512 | Zot:5    | HP: 108/238 [electric golem (5)]
 98518 | Zot:5    | HP: 83/238 [electric golem/bolt of lightning (5)]
 98524 | Zot:5    | HP: 62/238 [Killer Klown/+11 club (7)]
 98833 | Zot:5    | Noticed an orb of fire
 98846 | Zot:5    | HP: 103/238 [Orb Guardian (24)]
 98847 | Zot:5    | Killed an orb of fire
 98854 | Zot:5    | HP: 81/238 [Orb Guardian (26)]
 98857 | Zot:5    | Reached skill level 19 in Spellcasting
 99775 | Vaults:5 | Entered Level 5 of the Vaults
 99775 | Vaults:5 | Noticed Saint Roka
 99775 | Vaults:5 | Noticed Boris
 99785 | Vaults:5 | HP: 117/238 [vault guard/+0 battleaxe (14)]
 99800 | Vaults:4 | HP: 118/238 [Boris (6)]
 99804 | Vaults:4 | Killed Boris
100076 | Vaults:5 | Killed Saint Roka
100151 | Vaults:5 | Reached skill level 16 in Armour
100291 | Vaults:5 | Noticed a dread lich
100302 | Vaults:5 | Killed a dread lich
100776 | Vaults:5 | Identified the +8 chain mail of the Apprentice {Dex+6}
100776 | Vaults:5 | Identified the ring "Conlywyw" {rPois rCorr Dex+4}
100784 | Vaults:5 | Noticed Mara
100796 | Vaults:5 | Reached skill level 19 in Fighting
100799 | Vaults:5 | Noticed sleeves's illusion
101081 | Vaults:5 | Acquired a +1 pair of boots of flying
101115 | Vaults:5 | Reached skill level 17 in Armour
101121 | Vaults:5 | Noticed sleeves's illusion
101172 | Vaults:5 | Killed Mara
101475 | Vaults:5 | Got a silver rune of Zot
101778 | Vaults:5 | Identified the +3 flail of the Slime-mould {freeze, Fragile
                  | Str-4 Int+4 Dex+7}
102419 | Zot:5    | Got the Orb of Zot
102470 | Zot:4    | Noticed Ovisas the pandemonium lord
102480 | Zot:4    | Killed Ovisas the pandemonium lord
102481 | Zot:4    | Reached skill level 20 in Spellcasting
102641 | Depths:2 | Noticed Siargh the pandemonium lord
102793 | D:14     | HP: 120/244 [demonspawn corrupter/+0 dire flail (17)]
102800 | D:14     | HP: 97/244 [acid blob/splash of acid[a demonspawn
                  | corrupter] (8)]
102835 | D:12     | Learned a level 8 spell: Borgnjor's Revivification
102983 | D:6      | Reached skill level 18 in Armour
103038 | D:3      | Noticed Ruosaog the pandemonium lord
103061 | D:3      | Killed Ruosaog the pandemonium lord
103147 | D:$      | Escaped with the Orb!

Illustrated notes

Levels and vault maps discovered:
D:1:      doesnt_arrival_eight_statues, layout_basic,
          ebering_ecumenical_altar_sacrificial, dk_noncrumbling_2
D:2:      layout_loops_ring, serial_shops, nicolae_shop_trees
D:3:      layout_loops_corners, grunt_temple_overflow_bloody_war,
          lightli_corner_chamber, uniq_natasha, uniq_crazy_yiuf_cottage
D:4:      layout_loops_corners, lemuel_mausoleum_altar_yredelemnul,
          nicolae_ossuary_entry_ruins
D:5:      layout_rooms, grunt_temple_overflow_open,
          gammafunk_ghost_abyssal_escape, uniq_pikel
D:6:      layout_loops_ring, minmay_temple_entry_purple_smoke, serial_rivers,
          chequers_serial_rivers_micro_b, chequers_serial_rivers_large_a,
          chequers_serial_rivers_small_3, chequers_serial_rivers_large_b,
          hangedman_decor_lopped
D:7:      layout_gridville
D:8:      layout_layer_cave, nicolae_overflow_hallway_of_the_gods,
          nicolae_lava_and_water
D:9:      layout_loops_ring, hangedman_weighted_door, uniq_maurice
D:10:     due_megacathedral, layout_cave_pods, enter_bailey_3,
          grunt_ministairs_13, minmay_misc_feat_diagonals,
          roderic_serpentine_path, minmay_unpleasant_kobolds
D:11:     layout_basic, lair_entry_dummy, orc_0_dummy, uniq_urug
D:12:     layout_layer_cave, serial_shops, kennysheep_little_box, uniq_snorg
D:13:     layout_basic, portal_ice_cave_entry_pillars_1, gammafunk_ghost_smash,
          kennysheep_nondescript
D:14:     layout_small_grid, lightli_vaults_fourway_checkpoint,
          hangedman_abyss_or_decor_stagger, hangedman_decor_riveting
D:15:     grunt_enter_depths_snipers, layout_gridville, minmay_misc_feat_plants,
          serial_glass, glass_columns_b, glass_columns_c, glass_columns_a,
          glass_columns_a, glass_columns_a, glass_columns_a, glass_columns_a,
          glass_columns_a
Lair:1:   layout_chaotic_city, grunt_megastairs_4, infiniplex_staircase_pool,
          uniq_amaemon
Lair:2:   layout_cave_pods, beast_lair_carwin_6, uniq_erica
Lair:3:   layout_layer_cave, minmay_shoals_entry_centaurs,
          guppyfry_snake_entry_island, lemuel_fruit_tree, uniq_gastronok
Lair:4:   layout_long_grid, dpeg_slime_entry_enclosed, lemuel_fruit_fields
Lair:5:   hangedman_lair_tendril_chambers, layout_concentric_octagons,
          hangedman_lair_caniforms_friends
Shoals:1: layout_shoals, nicolae_shoals_mertower
Shoals:2: layout_shoals, serial_shops, shop_fountains, uniq_ilsuiw, uniq_louise,
          uniq_polyphemus
Shoals:3: layout_shoals, ebering_ghost_inner_flame
Shoals:4: shoals_end_hellmonk_storm_palace [storm_palace_center_ruins,
          storm_palace_corner_pillars, storm_palace_corner_grid,
          storm_palace_corner_altar, storm_palace_corner_grid]
Snake:1:  layout_cave_shapes, drop_trap
Snake:2:  layout_onion, serial_shops, shop, basic_altar, minmay_shop_grove,
          serial_bayou_shore_a
Snake:3:  layout_onion_interference, serial_shops, nicolae_shop_crystal,
          nicolae_snake_lava_pool, uniq_vashnia
Snake:4:  snake_pit, layout_misc_corridors, nicolae_snake_gridmaze_swirls
Slime:1:  layout_caves
Slime:2:  layout_caves, dissolution_awaits
Slime:3:  layout_caves
Slime:4:  layout_caves
Slime:5
Orc:1:    nicolae_orc_accident_2, layout_caves, mines2_david
Orc:2:    st_orc_open, layout_diamond_mine, nicolae_volcano_entry_s_turn,
          serial_shops, nicolae_shop_bloodbath_and_beyond, shop_statue, shop,
          shop_statue, nicolae_orc_tapped_out
Elf:1:    nicolae_elf_arrival_no_cutting_in_line, layout_gridlike,
          minmay_elf_crystal_hexagon
Elf:2:    nicolae_elf_blades_crystal_corner, layout_geoelf_grid, uniq_roxanne,
          uniq_aizul
Elf:3:    minmay_elf_hall_spiked, layout_loops_cross, serial_shops, shop,
          nicolae_elf_deep_mausoleum
Vaults:1: vaults_room_pool, nicolae_vaults_meeting, vaults_room_pools,
          nicolae_vaults_three_branches, v_rooms_2,
          nicolae_vaults_mini_display_case, nicolae_vaults_little_squares_4,
          vaults_mumra_hex, layout_vaults_omnigrid, serial_shops, shop
Vaults:2: vaults_room_grid, v_misc_2, nicolae_vaults_specimen_jars,
          ontoclasm_vaults_pinch, minmay_crypt_entry_simple_box,
          dpeg_vaults_hating_casters, nicolae_vaults_little_squares_1,
          vaults_room_grunt_arrival_ludios, v_misc_14,
          nicolae_vaults_network_quinsquares
          [nicolae_vaults_network_quincunx_subvault,
          nicolae_vaults_network_quincunx_subvault,
          nicolae_vaults_network_quincunx_subvault,
          nicolae_vaults_network_quincunx_subvault], grunt_vaults_twisty,
          hangedman_vaults_stream, v_pattern_5, vaults_room_ringed_pool,
          layout_vaults_omnibox, serial_shops, shop, shop, nicolae_diamond_shop,
          uniq_boris
Vaults:3: nicolae_vaults_puzzle_piece, vaults_mumra_chevron_long, v_misc_4,
          hangedman_vaults_slice, v_misc_28, v_misc_11, hangedman_vaults_nodes,
          v_misc_24, vaults_dpeg_ring, vaults_dpeg_doors, vaults_room_pool,
          nicolae_vaults_little_squares_4, layout_vaults_maze, serial_shops,
          nicolae_diamond_shop
Vaults:4: st_cells, ontoclasm_vaults_chip, v_rooms_1,
          nicolae_vaults_hallways_thing, v_misc_16, vaults_standard_mumra_lines,
          v_misc_29, v_misc_9, v_rooms_6, ontoclasm_vaults_twist,
          vaults_room_stairs_pillars, vaults_dpeg_diagonal, vaults_mumra_lcd,
          layout_vaults_ring, serial_shops, nicolae_shop_advertising_works
          [nicolae_subvault_shop_adworks], shop, nicolae_diamond_shop,
          nicolae_diamond_shop, shop_fountains
Vaults:5: uniq_mara, uniq_saint_roka
Crypt:1:  layout_misc_corridors, nzn_ghost_randoct, minivault_5,
          chequers_big_river, minmay_misc_feat_ornament
Crypt:2:  layout_misc_corridors, lemuel_upstairs_altar
Crypt:3:  due_elkab, layout_chaotic_city
Depths:1: minmay_tile_spiral, layout_gridlike, grunt_hell_entry_dis_old,
          hex_medium, minmay_holes, nicolae_gozag_seed_capital, uniq_sojobo
Depths:2: little_maze_vault, layout_cave_pools, grunt_pan_entry_sceptre,
          lightli_too_deep, minmay_misc_feat_alley, kennysheep_windowed_goal,
          uniq_nikola
Depths:3: regret_index_dithmenos_brocken_genspenst, layout_cave_pools,
          hell_entry, abyss_entry, onia_ninara_cookie
Depths:4: grunt_x_marks_the_spot, layout_honeycomb, enter_ziggurat_e,
          chequers_serial_rivers_micro_a, hangedman_coc_ice_floe, abyss_entry
Zot:1:    layout_misc_corridors
Zot:2:    layout_basic, st_stairs_10, door_vault, uniq_parghit, uniq_tiamat
Zot:3:    kennysheep_ambush_hall, layout_cellular_growth
Zot:4:    kennysheep_blocky_room, layout_gridlike, kennysheep_underground_church
Zot:5:    layout_basic, gammafunk_ghost_grave

Skill      XL: |  1  2  3  4  5  6  7  8  9 10 11 12 13 14 15 16 17 18 19 20 21 22 23 24 25 26 27 |
---------------+----------------------------------------------------------------------------------+-----
Maces & Flails | 2 3 4 5 7 8 11 12 13 15 16 | 16.0
Dodging        | 4 6 8 11 14 15 | 15.0
Fighting       | 5 8 9 10 12 14 17 18 19 | 19.7
Necromancy     | 2 5 7 8 12 18 22 25 27 | 27.0
Armour         | 3 5 7 8 9 11 13 15 18 | 18.2
Shields        | 3 5 7 8 9 11 13 15 17 18 20 | 20.0
Spellcasting   | 3 9 10 13 15 20 | 20.0
Transmutations | 10 11 12 | 12.0
Translocations | 5 9 12 | 12.0

Action                   |  1- 3 |  4- 6 |  7- 9 | 10-12 | 13-15 | 16-18 | 19-21 | 22-24 | 25-27 || total
-------------------------+-------+-------+-------+-------+-------+-------+-------+-------+-------++-------
Melee: Flail             |   123 |   178 |    82 |   213 |   913 |   772 |       |       |       ||  2281
       Tailslap          |     6 |    26 |    55 |   279 |   291 |   419 |   521 |   433 |   663 ||  2693
       Mace              |       |       |   324 |  1216 |       |       |       |       |       ||  1540
       Eveningstar       |       |       |       |       |   484 |  1375 |   647 |   417 |   869 ||  3792
       Demon whip        |       |       |       |       |       |    48 |  1533 |  1164 |  1580 ||  4325
Throw: Throwing net      |       |       |       |     1 |       |       |       |       |       ||     1
 Cast: Dispel Undead     |       |       |       |       |       |       |    22 |    38 |    31 ||    91
       Necromutation     |       |       |       |       |       |       |       |       |   114 ||   114
       Haunt             |       |       |       |       |       |       |       |       |    50 ||    50
       Infestation       |       |       |       |       |       |       |       |       |    28 ||    28
       Death's Door      |       |       |       |       |       |       |       |       |     3 ||     3
       Death Channel     |       |       |       |       |       |       |       |       |     5 ||     5
       Dispersal         |       |       |       |       |       |       |       |       |     5 ||     5
Invok: Brand Weapon With |       |       |       |       |       |     1 |       |       |       ||     1
       Torment           |       |       |       |       |       |       |       |       |     2 ||     2
 Abil: End Transformatio |       |       |       |       |       |       |       |       |     7 ||     7
Evoke: Wand              |       |       |       |    10 |     1 |     3 |       |     1 |     1 ||    16
       Phantom mirror    |       |       |       |     1 |       |       |     1 |       |       ||     2
       Phial of floods   |       |       |       |       |       |     1 |       |       |       ||     1
  Use: Potion            |       |       |     7 |       |     4 |     6 |    22 |     4 |     8 ||    51
       Scroll            |       |       |       |    17 |    16 |     7 |    13 |     6 |    13 ||    72
 Stab: Invisible         |       |       |     5 |     1 |     6 |       |     7 |     7 |       ||    26
       Distracted        |       |       |       |     6 |     2 |     5 |     3 |     2 |    18 ||    36
       Held in net/web   |       |       |       |     1 |       |       |       |       |       ||     1
       Paralysed         |       |       |       |       |       |       |     1 |       |       ||     1
       Confused          |       |       |       |       |       |       |       |       |     3 ||     3
Armor: Scale mail        |    62 |    73 |   182 |   105 |       |       |       |       |       ||   422
       Quicksilver drago |       |       |       |   721 |   508 |     7 |   294 |    57 |   141 ||  1728
       Ice dragon scales |       |       |       |       |    59 |  1221 |   401 |   774 |   789 ||  3244
Dodge: Dodged            |    53 |    57 |   182 |   862 |   819 |  1053 |   656 |   701 |   868 ||  5251
Block: Buckler           |    36 |    88 |   181 |   730 |   600 |   410 |       |       |       ||  2045
       Kite shield       |       |       |       |       |       |  1265 |  1341 |  1112 |  1575 ||  5293

Table legend: (Time is in decaauts)
 A = Elapsed time spent in this place.
 B = Non-inter-level travel time spent in this place.
 C = Inter-level travel time spent in this place.
 D = Time resting spent in this place.
 E = Time spent auto-exploring this place.
 F = Levels seen in this place.
 G = Mean time per level.
                   A        B        C        D        E       F      G
               +--------+--------+--------+--------+--------+-----+--------+
         Total | 100251 |  92579 |   7672 |  20824 |  52684 |  62 | 1617.0 |
       Dungeon |  19557 |  17147 |   2410 |    640 |  13183 |  15 | 1303.8 |
          Lair |   6913 |   6222 |    691 |   1236 |   3949 |   5 | 1382.6 |
        Shoals |   6749 |   6386 |    363 |   1211 |   3704 |   4 | 1687.2 |
     Snake Pit |  10171 |   9644 |    527 |   4046 |   3625 |   4 | 2542.8 |
    Slime Pits |   3078 |   2839 |    239 |    718 |   1483 |   5 |  615.6 |
  Orcish Mines |   1975 |   1668 |    307 |      2 |    950 |   2 |  987.5 |
   Elven Halls |   7391 |   7199 |    192 |   2125 |   3801 |   3 | 2463.7 |
        Vaults |  11816 |  10630 |   1186 |   2226 |   6322 |   5 | 2363.2 |
         Crypt |   4604 |   4305 |    299 |    523 |   2784 |   3 | 1534.7 |
        Depths |  10800 |  10113 |    687 |   2914 |   5156 |   4 | 2700.0 |
           Zot |  12936 |  12171 |    765 |   4459 |   5880 |   5 | 2587.2 |
         Abyss |    803 |    803 |      0 |    173 |    110 |   3 |  267.7 |
       Ossuary |    469 |    469 |      0 |      0 |    315 |   1 |  469.0 |
        Bailey |    763 |    763 |      0 |      0 |    458 |   1 |  763.0 |
      Ice Cave |   1389 |   1389 |      0 |    334 |    615 |   1 | 1389.0 |
       Volcano |    831 |    831 |      0 |    216 |    347 |   1 |  831.0 |
               +--------+--------+--------+--------+--------+-----+--------+

Top non-repeatable levels by time:
 Snake:2: 4806 daAuts
   Elf:2: 3697 daAuts
Depths:1: 3445 daAuts
   Zot:1: 3383 daAuts
Depths:2: 3305 daAuts
Vaults:2: 2980 daAuts
   Zot:2: 2750 daAuts
   Zot:4: 2716 daAuts
   Zot:5: 2675 daAuts
Depths:4: 2635 daAuts
  Lair:3: 2576 daAuts
Vaults:1: 2565 daAuts
Vaults:3: 2288 daAuts
   Elf:3: 2211 daAuts
Vaults:4: 2173 daAuts
